 Dungeon Crawl Stone Soup version 0.26.1-11-gd32895ea62 (webtiles) character file.

Game seed: 9166021509314820080

1456717 TreeFish the Intangible (level 27, -3/249 HPs)
             Began as a Human Conjurer on May 10, 2021.
             Was the Champion of Vehumet.
             Slain by a lorocyproca (26 damage)
             ... summoned by Cerebov
             ... in Pandemonium on May 13, 2021.
             The game lasted 17:59:51 (189001 turns).

TreeFish the Intangible (Human Conjurer)          Turns: 189001, Time: 17:59:51

Health: -3/249     AC: 15    Str: 15      XL:     27
Magic:  7/72       EV: 33    Int: 30 (31) God:    Vehumet [******]
Gold:   17546      SH: 23    Dex: 16      Spells: 13/80 levels left

rFire    x . .     SeeInvis +   I - +10 flail of a volcano {venom, rF- rC+++ Dex+3 Stlth+}
rCold    + + +     Faith    .   Q - +0 kite shield of Kacar {+Inv Regen+ rCorr Slay+2}
rNeg     + . .     Spirit   .   s - +2 robe {Archmagi}
rPois    +         Reflect  +   Y - +2 helmet {Int+3}
rElec    .         Harm     .   L - +2 cloak {Will+}
rCorr    +         Rampage  .   P - +2 pair of gloves {Str+3}
Will     +++++                  r - +2 pair of boots Stlth **++++++++
                                a - amulet of Moral Flaws {Reflect rF+ Dex+3 SH+5 SInv}
HPRegen  0.91/turn              T - ring "Oqozauhu" {rPois rN+ MP+9 Dex-3 Stlth+}
MPRegen  0.43/turn              N - ring of Nuiselol {Will+ MP+9 Int+2}

@: tornado, fire vulnerable, flying (expiring)
A: deformed body, deterioration 1, strong-willed 1, mutation resistance 1,
screaming 1, wild magic 1
}: 12/15 runes: decaying, serpentine, slimy, silver, golden, iron, icy, bone,
abyssal, demonic, glowing, magical
a: Renounce Religion, Evoke Invisibility


You were in Pandemonium.
You worshipped Vehumet.
Vehumet was exalted by your worship.
You visited 18 branches of the dungeon, and saw 83 of its levels.
You visited Pandemonium 1 time, and saw 12 of its levels.
You visited the Abyss 4 times.
You completed 1 ziggurat, and saw 27 of its levels.
You also visited: Bailey, Ice Cave and Wizlab.

You collected 20895 gold pieces.
You spent 3349 gold pieces at shops.

Inventory:

Hand Weapons
 k - the +7 war axe of the Ass {protect, +Fly Str-4 Stlth+}
   (You took it off a gelid demonspawn in Pandemonium)

   It grants its wielder temporary protection when it strikes (+7 to AC).
   It affects your strength (-4).
   It lets you fly.
   It makes you more stealthy.
 I - the +10 flail of a volcano (weapon) {venom, rF- rC+++ Dex+3 Stlth+}
   (You found it on level 5 of the Dungeon)

   It poisons the flesh of those it strikes.
   It affects your dexterity (+3).
   It makes you vulnerable to fire.
   It renders you almost immune to cold.
   It makes you more stealthy.
Missiles
 g - 13 boomerangs of dispersal (quivered)
 i - 255 poisoned darts
Armour
 r - a +2 pair of boots (worn)
 s - a +2 robe of the Archmagi (worn)
 L - a +2 cloak of willpower (worn)
 P - a +2 pair of gloves of strength (worn)
 Q - the +0 kite shield of Kacar (worn) {+Inv Regen+ rCorr Slay+2}
   (You found it on level 5 of the Vaults)

   It affects your accuracy and damage with ranged weapons and melee attacks
   (+2).
   It lets you turn invisible.
   It increases your rate of regeneration.
   It provides partial protection from all sources of acid and corrosion.
 Y - a +2 helmet of intelligence (worn)
Jewellery
 a - the amulet of Moral Flaws (around neck) {Reflect rF+ Dex+3 SH+5 SInv}
   (You found it on level 1 of the Snake Pit)

   [amulet of reflection]

   It shields you and reflects attacks.
   It affects your dexterity (+3).
   It protects you from fire.
   It lets you see invisible.
   It affects your SH (+5).
 f - a +4 ring of protection
 N - the ring of Nuiselol (right hand) {Will+ MP+9 Int+2}
   (You found it on level 7 of the Iron City of Dis)

   [ring of magical power]

   It affects your intelligence (+2).
   It affects your willpower, your defense against some magical effects.
   It affects your magic capacity (+9).
 T - the ring "Oqozauhu" (left hand) {rPois rN+ MP+9 Dex-3 Stlth+}
   (You took it off an ancient champion on level 3 of the Crypt)

   [ring of positive energy]

   It affects your dexterity (-3).
   It protects you from poison.
   It protects you from negative energy.
   It affects your magic capacity (+9).
   It makes you more stealthy.
Wands
 z - a wand of digging (18)
 E - a wand of disintegration (72)
Scrolls
 b - 4 scrolls of silence
 c - 12 scrolls of blinking
 d - 28 scrolls of fog
 e - 50 scrolls of remove curse
 h - 9 scrolls of immolation
 n - 9 scrolls of vulnerability
 t - 19 scrolls of enchant weapon
 u - a scroll of summoning
 y - 30 scrolls of teleportation
 D - 9 scrolls of identify
 G - 3 scrolls of torment
 J - 5 scrolls of holy word
 K - 11 scrolls of amnesia
 O - 9 scrolls of fear
 V - 11 scrolls of enchant armour
 W - 18 scrolls of magic mapping
 Z - 3 scrolls of brand weapon
Potions
 j - 13 potions of attraction
 l - 21 potions of curing
 o - 7 potions of invisibility
 p - 10 potions of haste
 q - 13 potions of mutation
 v - 6 potions of might
 w - 13 potions of magic
 x - 8 potions of lignification
 A - 10 potions of heal wounds
 B - 15 potions of flight
 C - 5 potions of cancellation
 F - 8 potions of brilliance
 R - 9 potions of berserk rage
 S - 3 potions of resistance
 U - 13 potions of ambrosia
Miscellaneous
 m - the horn of Geryon
 H - a phantom mirror (inert)
 X - 2 +1 figurines of a ziggurat


   Skills:
 O Level 27 Fighting
 - Level 14.0 Maces & Flails
 O Level 27 Dodging
 O Level 27 Stealth
 O Level 27 Shields
 O Level 27 Spellcasting
 O Level 27 Conjurations
 - Level 9.0 Translocations
 - Level 9.0 Transmutations
 O Level 27 Fire Magic
 O Level 27 Air Magic
 + Level 24.7 Evocations


You had 13 spell levels left.
You knew the following spells:

 Your Spells              Type           Power        Failure   Level
a - Magic Dart            Conj           100%         1%          1
b - Blink                 Tloc           N/A          1%          2
c - Searing Ray           Conj           100%         1%          2
d - Orb of Destruction    Conj           78%          1%          7
e - Iskenderun's Mystic   Conj/Tloc      100%         1%          4
f - Fireball              Conj/Fire      78%          1%          5
g - Inner Flame           Hex/Fire       100%         1%          3
h - Fire Storm            Conj/Fire      78%          1%          9
i - Swiftness             Air            100%         1%          2
j - Tornado               Air            78%          1%          9
n - Passwall              Tmut/Erth      77%          1%          2
q - Mephitic Cloud        Conj/Pois/Air  100%         1%          3
s - Irradiate             Conj/Tmut      69%          1%          5
t - Ignition              Fire           78%          1%          8
w - Bolt of Magma         Conj/Fire/Erth 69%          1%          5

Your spell library contained the following spells:

 Spells                   Type           Power        Failure   Level
 Animate Skeleton         Necr           100%         1%          1
 Apportation              Tloc           100%         1%          1
 Beastly Appendage        Tmut           100%         1%          1
 Corona                   Hex            75%          1%          1
 Foxfire                  Conj/Fire      100%         1%          1
 Freeze                   Ice            100%         1%          1
 Pain                     Necr           100%         1%          1
 Sandblast                Erth           100%         1%          1
 Shock                    Conj/Air       100%         1%          1
 Sting                    Tmut/Pois      100%         1%          1
 Summon Small Mammal      Summ           100%         1%          1
 Call Imp                 Summ           68%          1%          2
 Corpse Rot               Necr/Air       N/A          1%          2
 Ensorcelled Hibernation  Hex/Ice        100%         1%          2
 Poisonous Vapours        Pois/Air       100%         1%          2
 Slow                     Hex            68%          1%          2
 Sublimation of Blood     Necr           34%          1%          2
 Wereblood                Tmut           100%         1%          2
 Conjure Flame            Conj/Fire      100%         1%          3
 Dazzling Flash           Conj/Hex       100%         1%          3
 Frozen Ramparts          Ice            100%         1%          3
 Gell's Gravitas          Tloc           55%          1%          3
 Ignite Poison            Fire/Tmut/Pois 100%         1%          3
 Lesser Beckoning         Tloc           55%          1%          3
 Portal Projectile        Hex/Tloc       100%         1%          3
 Spider Form              Tmut/Pois      46%          1%          3
 Static Discharge         Conj/Air       100%         1%          3
 Stone Arrow              Conj/Erth      100%         1%          3
 Teleport Other           Tloc           100%         1%          3
 Airstrike                Air            78%          1%          4
 Fulminant Prism          Conj/Hex       63%          1%          4
 Hailstorm                Conj/Ice       100%         1%          4
 Ice Form                 Ice/Tmut       93%          1%          4
 Passage of Golubria      Tloc           N/A          1%          4
 Petrify                  Tmut/Erth      93%          1%          4
 Sticky Flame             Conj/Fire      100%         1%          4
 Summon Lightning Spire   Summ/Air       100%         1%          4
 Blade Hands              Tmut           55%          1%          5
 Iskenderun's Battlesphe  Conj           100%         1%          5
 Lightning Bolt           Conj/Air       78%          1%          5
 Silence                  Hex/Air        63%          1%          5
 Yara's Violent Unravell  Hex/Tmut       46%          1%          5
 Conjure Ball Lightning   Conj/Air       78%          1%          6
 Freezing Cloud           Conj/Ice/Air   69%          1%          6
 Iron Shot                Conj/Erth      63%          1%          6
 Starburst                Conj/Fire      78%          1%          6
 Spellforged Servitor     Conj/Summ      63%          1%          7
 Chain Lightning          Conj/Air       78%          1%          8
 Olgreb's Toxic Radiance  Pois           68%          2%          4
 Call Canine Familiar     Summ           68%          3%          3
 Confusing Touch          Hex            68%          3%          3
 Ozocubu's Armour         Ice            68%          3%          3
 Summon Guardian Golem    Hex/Summ       68%          3%          3
 Tukima's Dance           Hex            68%          3%          3
 Vampiric Draining        Necr           34%          3%          3
 Alistair's Intoxication  Tmut/Pois      62%          4%          5
 Summon Forest            Summ/Tloc      46%          4%          5
 Dispersal                Tloc           55%          4%          6
 Hydra Form               Tmut           55%          4%          6
 Eringya's Noxious Bog    Tmut/Pois      46%          5%          6
 Lehudib's Crystal Spear  Conj/Erth      63%          6%          8
 Lee's Rapid Deconstruct  Erth           34%          7%          5
 Animate Dead             Necr           34%          10%         4
 Cause Fear               Hex            34%          10%         4
 Dispel Undead            Necr           68%          10%         4
 Leda's Liquefaction      Hex/Erth       34%          10%         4
 Summon Ice Beast         Ice/Summ       68%          10%         4
 Dragon Form              Tmut           55%          19%         7
 Statue Form              Tmut/Erth      62%          21%         6
 Agony                    Necr           68%          24%         5
 Borgnjor's Vile Clutch   Necr/Erth      34%          24%         5
 Excruciating Wounds      Necr           34%          24%         5
 Metabolic Englaciation   Hex/Ice        34%          24%         5
 Summon Demon             Summ           34%          24%         5
 Summon Mana Viper        Hex/Summ       68%          24%         5
 Ozocubu's Refrigeration  Ice            34%          28%         6
 Malign Gateway           Summ/Tloc      46%          71%         7
 Death Channel            Necr           34%          75%         6
 Invisibility             Hex            68%          75%         6
 Shadow Creatures         Summ           N/A          75%         6
 Simulacrum               Ice/Necr       34%          75%         6
 Disjunction              Tloc           55%          77%         8
 Haunt                    Necr/Summ      34%          99%         7
 Monstrous Menagerie      Summ           34%          99%         7
 Summon Greater Demon     Summ           34%          99%         7
 Summon Hydra             Summ           34%          99%         7
 Borgnjor's Revivificati  Necr           34%          100%        8
 Discord                  Hex            34%          100%        8
 Infestation              Necr           34%          100%        8
 Necromutation            Tmut/Necr      46%          100%        8
 Summon Horrible Things   Summ           34%          100%        8
 Absolute Zero            Ice            34%          100%        9
 Death's Door             Necr           34%          100%        9
 Dragon's Call            Summ           34%          100%        9
 Shatter                  Erth           34%          100%        9


Dungeon Overview and Level Annotations

Branches:
Dungeon (15/15)            Temple (1/1) D:4            Lair (6/6) D:9
  Swamp (4/4) Lair:2        Snake (4/4) Lair:2        Slime (5/5) Lair:5
    Orc (2/2) D:11            Elf (3/3) Orc:2        Vaults (5/5) D:14
  Crypt (3/3) Vaults:2       Tomb (3/3) Crypt:3      Depths (5/5) D:15
   Hell (visited)             Dis (7/7) Hell            Geh (1/7) Hell
    Coc (7/7) Hell            Tar (7/7) Hell            Zot (4/5) Depths:5
 Bailey (visited)           IceCv (visited)          WizLab (visited)

Altars:
Ashenzari
Cheibriados
Dithmenos
Elyvilon
Fedhas
Gozag
Hepliaklqana
Kikubaaqudgha
Makhleb
Nemelex Xobeh
Okawaru
Qazlal
Ru
Sif Muna
Trog
Uskayaw
Vehumet
Wu Jian
Xom
Yredelemnul
Zin
The Shining One
Jiyva

Shops:
D:7 :   D:8 (   D:9 *   Orc:1 :   Orc:2 [[:=   Elf:1 =([   Elf:2 :   Elf:3 }}=
Vaults:1 *   Vaults:3 !   Vaults:4 =   Depths:4 [

Portals:
Hell: Lair:6 Depths:1 Depths:2 Depths:3 Depths:4 Depths:5
Abyss: Depths:3 Depths:4
Pandemonium: Depths:3
Trove: Elf:2 (give +6 demon whip)

Annotations:
Pan Cerebov


Innate Abilities, Weirdness & Mutations

Armour fits poorly on your strangely shaped body.
Your body sometimes deteriorates upon taking damage.
You are strong-willed. (Will+)
You are somewhat resistant to further mutation.
You occasionally shout uncontrollably at your foes.
Your spells are a little harder to cast, but a little more powerful.


Message History

You feel a surge of power!
The wavering orb of destruction weakly hits Cerebov!!!
Cerebov is almost dead.
The winds around you calm down. You block Cerebov's attack.
The lorocyproca completely misses you.
Casting: Orb of Destruction (safe; 1% risk of failure)
Confirm with . or Enter, or press ? or * to list all spells.
You feel a surge of power!
A great vortex of raging winds appears and lifts you up.
The Executioner barely misses you. You block the Executioner's attack. x2
Cerebov hits you with the +6 sword of Cerebov {flame}!!!
Cerebov burns you! The Executioner barely misses you.
You block the Executioner's attack. The Executioner misses you.
The Executioner completely misses you. x2; The Executioner closely misses you.
Cerebov gestures at you. The iron shot hits you!!!
* * * LOW HITPOINT WARNING * * *
Your body deteriorates!
You feel dopey. The lorocyproca hits you!!
You die...

.............................###.
...#####..................^..# #.
...#...#=.##..##..##..##..##.# #.
...#}).##########################
...#)..#.......................##
...####'.#####################.#.
....##...#####################'##
.....#.###.....1§§§......#.......
....##.# ###.§1@§#####..#.#.#.#.
....##.# ##§&2## #..#.......
.....#.# #...# #..#.#.....
....##.# ...... #..#......)
....##.# ....... #..#.#.....
.....#.# ....)..... #..))......
....##.# '##....... ####.#.....
.^..##.# #.#...#.# #.......
.....#.# #.#.....


You could see Cerebov (fast), a Hell Sentinel (summoned), a lorocyproca
(summoned, invisible) and an Executioner (summoned, fast).

Vanquished Creatures
  Antaeus (Coc:7)
  the Royal Jelly (Slime:5)
  Ereshkigal (Tar:7)
  Lom Lobon (Pan)
  Mnoleg (Pan)
  the Serpent of Hell (Coc:7)
  Dispater (Dis:7)
  Mara (Vaults:5)
  14 ancient liches
  A juggernaut (Depths:5)
  35 royal mummies
  Sojobo (Tomb:3)
  9 pandemonium lords
  42 shard shrikes
  The ghost of Alunk the Bludgeoner, a legendary GnFi of Cheibriados (Zot:3)
  Bai Suzhen (Crypt:2)
  Saint Roka (Crypt:2)
  Margery (Crypt:3)
  The ghost of Hali the Executioner, a veteran FoFi of Dithmenos (Crypt:3)
  2 curse toes
  5 caustic shrikes
  Nikola (Swamp:4)
  Geryon (Hell)
  2 profane servitors
  21 golden dragons
  Jory (Vaults:2)
  23 bone dragons
  12 doom hounds
  12 iron giants
  37 Tzitzimimeh
  18 Brimstone Fiends
  17 Hell Sentinels
  A hellephant (Hell)
  18 tentacled monstrosities
  35 Ice Fiends
  21 liches
  7 quicksilver dragons
  9 deep elf master archers
  Murray (Hell)
  13 deep elf blademasters
  9 titans
  33 acid blobs
  17 Executioners
  Frances (D:12)
  Gastronok (D:9)
  20 tentacled starspawn
  Agnes (D:15)
  A thorn hunter (Zig:15)
  5 death cobs
  15 tengu reavers
  25 shadow dragons
  12 sphinxes
  32 ancient champions
  21 storm dragons
  23 azure jellies
  18 draconian monks
  12 fire giants
  Roxanne (Elf:1)
  15 nagarajas
  A fenstrider witch (Zig:25)
  3 revenants
  19 deep elf sorcerers
  15 ghost moths
  15 draconian knights
  37 balrugs
  5 frost giants
  33 cacodemons
  Aizul (Swamp:2)
  11 emperor scorpions
  7 warmongers (Pan)
  13 iron dragons
  22 draconian scorchers
  12 draconian shifters
  2 orc warlords (Depths:3)
  A juggernaut zombie (Crypt:2)
  18 vault wardens
  Louise (Swamp:4)
  5 deep elf elementalists
  3 angels (Pan)
  A caustic shrike zombie (Zig:21)
  13 ironheart preservers
  14 draconian stormcallers
  153 reapers
  9 curse skulls
  A spriggan defender (Depths:3)
  12 ghouls
  27 draconian annihilators
  3 caustic shrike skeletons
  5 blood saints
  5 elemental wellsprings
  12 corrupters (Pan)
  15 war gargoyles
  2 juggernaut skeletons (Zig:21)
  96 large abominations
  22 stone giants
  18 very ugly things
  15 deep elf demonologists
  20 vampire knights
  16 green draconians
  17 lorocyprocas
  8 black draconians
  12 purple draconians
  2 dire elephants (Lair:6)
  14 bennus
  8 spark wasps
  6 yellow draconians
  10 black suns
  12 red draconians
  9 bunyips
  4 orange crystal statues
  A spark wasp (shapeshifter) (Vaults:5)
  31 deep elf annihilators
  6 white draconians
  9 entropy weavers
  55 blizzard demons
  2 crystal guardians (Abyss:5)
  10 deep elf death magi
  9 eleionomae
  17 ettins
  31 green deaths
  16 death oozes
  5 merfolk javelineers
  3 merfolk impalers
  16 ogre magi
  18 fire dragons
  8 quicksilver dragon zombies
  8 eidola
  33 mummy priests
  9 shambling mangroves
  12 yaktaur captains
  Harold (Lair:1)
  22 deep elf high priests
  6 quicksilver dragon skeletons
  36 ice dragons
  6 jiangshi
  A kraken zombie (Coc:3)
  15 great orbs of eyes
  A great orb of eyes (shapeshifter) (Abyss:5)
  10 hell beasts
  A hydra (shapeshifter) (Abyss:5)
  43 hydras
  7 monstrous demonspawn (Pan)
  17 naga warriors
  A boulder beetle (shapeshifter) (D:15)
  2 ghost crabs
  5 spriggan air magi
  5 rakshasas
  29 vault guards
  9 merfolk aquamancers
  A catoblepas (Lair:5)
  5 alligator snapping turtles (Zig:26)
  6 boulder beetles
  The ghost of manix the Thaumaturge, a journeyman DEFE of Vehumet (Lair:1)
  31 death scarabs
  16 anacondas
  9 centaur warriors
  6 death yaks
  42 dancing weapons
  4 orc high priests
  3 tengu warriors
  A satyr (Zig:2)
  18 alligators
  6 death knights
  12 vampire magi
  47 two-headed ogres
  8 deep troll shamans
  4 deep troll earth magi
  16 hell hogs
  12 shock serpents
  92 soul eaters
  16 spriggans
  4 spriggan berserkers
  23 titan zombies
  101 sun demons
  14 thrashing horrors
  3 iron golems
  38 deep elf knights
  12 naga sharpshooters
  7 iron trolls
  9 storm dragon zombies
  7 spatial maelstroms
  19 wretched stars
  A fire crab (Zig:11)
  25 shadow wraiths
  3 sea snakes
  12 unseen horrors
  A spark wasp zombie (Crypt:1)
  8 gelid demonspawn (Pan)
  50 hell knights
  A quicksilver dragon simulacrum (Coc:3)
  8 storm dragon skeletons
  15 death drakes
  25 anaconda zombies
  35 sixfirhies
  11 titan skeletons
  249 skeletal warriors
  7 goliath frogs
  20 golden dragon zombies
  2 goliath frogs (shapeshifter)
  A salamander mystic (Depths:1)
  6 glowing orange brains
  An unseen horror (shapeshifter) (Vaults:4)
  4 ghost moth zombies
  6 infernal demonspawn (Pan)
  5 torturous demonspawn (Pan)
  11 spriggan druids
  42 shadow demons
  27 deep trolls
  26 swamp dragons
  9 flayed ghosts
  16 ironbrand convokers
  7 bog bodies
  11 naga ritualists
  11 wizards
  A kraken simulacrum (Coc:4)
  15 necromancers
  6 golden dragon skeletons
  34 phantasmal warriors
  A swamp dragon (shapeshifter) (Vaults:5)
  6 shadow dragon zombies
  16 wolf spider zombies
  3 tengu zombies
  6 anaconda skeletons
  3 lindwurms
  19 mana vipers
  23 harpies
  12 iron dragon zombies
  12 will-o-the-wisps
  7 orb spiders (Zig:23)
  9 wolf spiders
  15 orc knights
  34 deep elf archers
  3 shadow dragon skeletons
  57 ugly things
  3 oklob plants
  11 cyclopes
  3 tengu skeletons
  2 shining eyes (shapeshifter) (Vaults:5)
  17 fire giant zombies
  2 mana vipers (shapeshifter)
  A sphinx zombie (Zig:21)
  15 frost giant zombies
  20 shining eyes
  2 sphinx skeletons
  15 stone giant zombies
  4 fauns (Zig:2)
  5 worldbinders
  Maurice (Orc:2)
  10 orc sorcerers
  13 fire giant skeletons
  10 salamanders
  20 moths of wrath
  105 deep elf magi
  4 manticores
  A faun (shapeshifter) (Zig:9)
  16 vault sentinels
  7 shock serpent zombies
  18 elephants
  9 frost giant skeletons
  A black mamba (shapeshifter) (Vaults:3)
  10 stone giant skeletons
  5 water nymphs
  20 guardian serpents
  A molten gargoyle (Geh:1)
  3 titan simulacra
  24 naga magi
  2 elephants (shapeshifter)
  17 dire elephant zombies
  A merfolk siren (Zig:10)
  2 apocalypse crabs
  86 rust devils
  3 guardian serpents (shapeshifter)
  6 ice statues
  7 eyes of devastation
  17 cane toads
  4 iron dragon skeletons
  51 black mambas
  A water nymph (shapeshifter) (Vaults:1)
  49 orange demons
  100 smoke demons
  3 shock serpent skeletons
  2 cane toads (shapeshifter)
  6 human zombies
  8 torpor snails
  A storm dragon simulacrum (Coc:6)
  A catoblepas zombie (Dis:6)
  52 demonic crawlers
  7 elf zombies
  4 emperor scorpion zombies
  A yellow draconian zombie (Dis:3)
  40 hellions
  11 komodo dragons
  14 yaktaurs
  8 efreet
  A kobold demonologist (D:12)
  92 freezing wraiths
  A minotaur zombie (Crypt:1)
  An anaconda simulacrum (Coc:5)
  A black draconian zombie (Dis:2)
  2 alligator snapping turtle skeletons (Coc:1)
  100 ice devils
  8 dire elephant skeletons
  A yaktaur skeleton (Vaults:3)
  7 rime drakes
  38 hellwings
  A golden dragon simulacrum (Coc:5)
  97 tormentors
  A sea snake skeleton (Crypt:3)
  A silent spectre (Depths:4)
  A tengu conjurer (Depths:2)
  4 harpy zombies
  A troll (shapeshifter) (Vaults:1)
  13 ancient zymes
  45 guardian mummies
  55 red devils
  2 queen bees
  9 trolls
  14 jumping spiders
  19 hydra zombies
  2 bloated husks
  A wind drake (Zig:10)
  A meliai (shapeshifter) (Zig:24)
  A polar bear (shapeshifter) (Depths:2)
  A wind drake (shapeshifter) (D:15)
  3 merfolk (Zig:10)
  21 hydra skeletons
  A deep troll zombie (Hell)
  8 tyrant leeches
  A hornet (shapeshifter) (Depths:2)
  19 polar bears
  35 blink frogs
  A shadow dragon simulacrum (Coc:2)
  6 fire dragon zombies
  33 hornets
  A raiju (shapeshifter) (Vaults:4)
  43 raiju
  167 slime creatures
  16 dream sheep
  9 ettin zombies
  4 harpy skeletons
  3 human simulacra
  2 iron dragon simulacra
  6 ice dragon zombies
  A meliai zombie (Crypt:2)
  2 dream sheep (shapeshifter)
  2 fire giant simulacra
  19 alligator zombies
  A death drake skeleton (Crypt:3)
  A shock serpent simulacrum (Coc:7)
  A frost giant simulacrum (Coc:7)
  2 stone giant simulacra (Coc:1)
  6 ice dragon skeletons
  4 black mamba zombies
  2 snapping turtles (Zig:10)
  Sigmund (D:4)
  2 alligator skeletons
  223 flying skulls
  47 shadows
  A yak (shapeshifter) (Vaults:1)
  10 ettin skeletons
  3 fire dragon skeletons
  18 redbacks
  48 ynoxinuls
  29 ushabtiu
  40 starcursed masses
  7 tarantellas (Zig:23)
  3 elf skeletons (Zig:21)
  6 air elementals
  A tarantella (shapeshifter) (D:13)
  47 wraiths
  A black mamba skeleton (Coc:3)
  51 water elementals
  A vampire (D:14)
  5 wyverns
  7 basilisks
  A basilisk (shapeshifter) (Vaults:1)
  6 fire bats
  7 humans (D:14)
  50 yaks
  A dire elephant simulacrum (Coc:5)
  20 fire elementals
  Grum (Lair:1)
  37 golden eyes
  A steam dragon (Lair:5)
  An emperor scorpion simulacrum (Coc:3)
  A yaktaur simulacrum (Vaults:3)
  A hog (shapeshifter) (Depths:5)
  A faun zombie (Crypt:3)
  10 vampire mosquitoes
  A harpy simulacrum (Coc:2)
  5 wargs
  A torturous demonspawn zombie (Tar:7)
  A catoblepas simulacrum (Coc:2)
  49 chaos spawn
  38 neqoxecs
  2 swamp worms (shapeshifter)
  16 spatial vortices
  7 hydra simulacra
  5 merfolk zombies
  2 soldier ants (D:15)
  13 swamp worms
  18 cane toad zombies
  58 nagas
  A naga (shapeshifter) (Depths:3)
  2 acid dragons (Vaults:1)
  A two-headed ogre skeleton (Crypt:1)
  25 water moccasins
  A merfolk skeleton (Coc:4)
  2 floating eyes (shapeshifter) (Vaults:5)
  2 floating eyes
  8 cane toad skeletons
  100 hell hounds
  3 hornet zombies
  2 black bears
  49 orc warriors
  8 swamp drakes
  A sky beast (D:12)
  An alligator simulacrum (Coc:2)
  An ettin simulacrum (Coc:7)
  25 eyes of draining
  35 ice beasts
  6 manticore zombies
  2 boulder beetle simulacra (Vaults:1)
  36 ogres
  A fire dragon simulacrum (Coc:5)
  42 necrophages
  11 snapping turtle zombies
  10 phantoms
  5 swamp dragon zombies
  54 wolves
  13 centaurs
  2 manticore skeletons
  17 boggarts
  An elephant skeleton (Crypt:1)
  9 snapping turtle skeletons
  A swamp dragon skeleton (Coc:1)
  A big kobold (D:9)
  9 earth elementals
  15 bullfrogs
  17 small abominations
  11 scorpions
  A wyvern skeleton (Crypt:1)
  4 spriggan zombies
  A snapping turtle simulacrum (Coc:7)
  A raiju zombie (Crypt:1)
  44 killer bees
  A polar bear zombie (Crypt:3)
  A troll skeleton (Tar:6)
  2 spriggan skeletons
  A swamp dragon simulacrum (Coc:7)
  4 electric eels (D:15)
  6 howler monkeys
  5 jellies
  82 wights
  A vampire bat (D:8)
  7 centaur zombies
  7 crimson imps (Pan)
  3 bullfrog zombies
  8 hounds
  2 quasits
  4 bullfrog skeletons
  56 iron imps
  A basilisk zombie (Crypt:3)
  A demonspawn zombie (Crypt:2)
  22 orc priests
  8 centaur skeletons
  23 orc wizards
  3 iguanas
  2 human skeletons
  11 worker ants
  A deep dwarf skeleton (Crypt:3)
  A naga zombie (Dis:4)
  3 ogre skeletons
  A naga skeleton (Coc:7)
  A hound skeleton (D:11)
  74 mummies
  2 gnolls (D:8)
  A worker ant zombie (D:6)
  2 howler monkey skeletons
  A tengu simulacrum (Coc:5)
  13 adders
  2 naga simulacra (Coc:4)
  An ogre simulacrum (Coc:7)
  A steam dragon skeleton (Crypt:1)
  31 shadow imps
  74 white imps
  4 ufetubi
  2 oozes
  An adder skeleton (D:6)
  3 worms
  5 dart slugs
  4 leopard geckos
  124 orcs
  6 giant cockroaches
  12 goblins
  3 hobgoblins
  10 jackals
  3 quokkas
  A river rat zombie (Crypt:2)
  4 ball pythons
  12 bats
  2 frilled lizards
  A giant cockroach zombie (Crypt:3)
  A goblin zombie (Crypt:1)
  10 kobolds
  2 kobold skeletons
  2 kobold zombies
  2 orc skeletons
  An orc zombie (Geh:1)
  3 quokka skeletons
  10 rats
  5 ball lightnings (Pan)
  20 briar patches (Zig:15)
  7 crawling corpses
  165 fire vortices
  2 lurking horrors (Abyss:5)
  15 starspawn tentacles
  4 tentacles (Coc:3)
7691 creatures vanquished.

Vanquished Creatures (collateral kills)
  A royal mummy (Tomb:3)
  2 golden dragons
  A bone dragon (Coc:4)
  A hellephant (Zig:14)
  2 tentacled monstrosities
  A lich (Tar:7)
  An Ice Fiend (Coc:4)
  A sphinx (Tomb:1)
  A draconian monk (Zot:4)
  A nagaraja (Zig:3)
  An iron dragon (Dis:7)
  A blood saint (Pan)
  A warmonger (Pan)
  A draconian knight (Zig:27)
  A draconian stormcaller (Zig:27)
  A draconian annihilator (Zig:20)
  5 reapers
  3 cacodemons (Pan)
  A stone giant (Vaults:5)
  A black draconian (Zig:27)
  A deep elf annihilator (Vaults:5)
  A corrupter (Pan)
  A white draconian (Zot:4)
  An eleionoma (Zig:13)
  2 dire elephants (Zig:11)
  A purple draconian (Abyss:5)
  2 mummy priests
  A green death (Abyss:5)
  A great orb of eyes (Zig:19)
  A ghost crab (Tar:4)
  A hydra (Zig:26)
  A naga sharpshooter (Zig:26)
  2 titan zombies
  6 skeletal warriors
  A deep elf knight (Zig:18)
  A sixfirhy (Pan)
  An anaconda zombie (Coc:5)
  2 shadow demons (Pan)
  A flayed ghost (Dis:2)
  A golden dragon zombie (Tomb:3)
  2 phantasmal warriors (Vaults:5)
  A wolf spider (Zig:26)
  A deep elf mage (Zig:24)
  A tengu skeleton (Zig:21)
  A worldbinder (Abyss:5)
  A dire elephant zombie (Dis:6)
  An eye of devastation (Zig:16)
  A freezing wraith (Coc:7)
  5 guardian mummies
  An ancient zyme (Zig:14)
  A hydra zombie (Tar:7)
  A jumping spider (Zig:23)
  A snapping turtle (Zig:10)
  3 slime creatures
  A raiju (Abyss:5)
  A hydra skeleton (Tar:2)
  3 flying skulls
  An ice dragon skeleton (Tar:7)
  2 starcursed masses (Zig:14)
  A ynoxinul (Pan)
  A water elemental (Zig:24)
  An ushabti (Tomb:2)
  A chaos spawn (Pan)
  A large abomination (Pan)
  A small abomination (Abyss:4)
  3 floating eyes
  A necrophage (Tar:4)
  An eye of draining (Zig:19)
  A killer bee (Lair:3)
  28 mummies
  3 ball lightnings (Pan)
  A briar patch (Zig:15)
  A crawling corpse (Zig:18)
131 creatures vanquished.

Vanquished Creatures (others)
  A lich (Geh:1)
  A draconian knight (Depths:5)
  A deep elf death mage (Elf:3)
  3 green deaths (Pan)
  A hell beast (Pan)
  4 hell hogs
  A thrashing horror (Abyss:5)
  A deep elf knight (Zig:24)
  A skeletal warrior (Coc:7)
  A lindwurm (Swamp:4)
  A moth of wrath (Zot:3)
  A black mamba (Snake:4)
  2 rust devils (Dis:7)
  A smoke demon (Pan)
  A torpor snail (Zig:23)
  A guardian mummy (Tomb:3)
  A silent spectre (Abyss:5)
  A blink frog (Abyss:4)
  A flying skull (Geh:1)
  An air elemental (Elf:3)
  A water elemental (Zig:24)
  3 humans
  A large abomination (Abyss:3)
  2 golden eyes (Abyss:3)
  A steam dragon (Swamp:4)
  A neqoxec (Abyss:4)
  A warg (shapeshifter) (Vaults:5)
  A hell hound (Geh:1)
  6 swamp drakes (Swamp:4)
  2 small abominations
  A killer bee (Lair:3)
  A starcursed mass (Abyss:5)
  A mummy (Tomb:3)
  A shadow imp (Abyss:4)
  4 ball lightnings (Pan)
  A briar patch (Zig:15)
  1144 fire vortices
  18 foxfires
  40 fungi
  A lurking horror (Abyss:4)
  138 plants
  22 starspawn tentacles
1417 creatures vanquished.

Grand Total: 9239 creatures vanquished

Notes
Turn   | Place    | Note
-------+----------+-------------------------------------------
     0 | D:1      | TreeFish the Human Conjurer began the quest for the Orb.
     0 | D:1      | Reached XP level 1. HP: 13/13 MP: 3/3
   136 | D:1      | Reached XP level 2. HP: 18/19 MP: 0/5
   139 | D:1      | Learned a level 2 spell: Searing Ray
   631 | D:1      | Reached XP level 3. HP: 24/24 MP: 1/6
  1186 | D:2      | Found a shadowy altar of Dithmenos.
  1562 | D:2      | Reached XP level 4. HP: 24/30 MP: 8/8
  2580 | D:3      | Reached skill level 1 in Shields
  2580 | D:3      | Reached XP level 5. HP: 35/35 MP: 9/9
  2933 | D:3      | Reached skill level 5 in Conjurations
  3086 | D:3      | Found a burning altar of Makhleb.
  3452 | D:4      | Noticed an ogre
  3459 | D:4      | Killed an ogre
  3460 | D:4      | Reached XP level 6. HP: 30/41 MP: 11/11
  3830 | D:4      | Found a stormy altar of Qazlal.
  4155 | D:4      | Found a shimmering altar of Xom.
  4357 | D:4      | Noticed a phantom
  4368 | D:4      | Killed a phantom
  4369 | D:4      | Reached XP level 7. HP: 46/46 MP: 10/13
  4452 | D:4      | Noticed Sigmund
  4465 | D:4      | Killed Sigmund
  4619 | D:4      | Reached XP level 8. HP: 52/52 MP: 15/15
  4768 | D:4      | Found a staircase to the Ecumenical Temple.
  4777 | Temple   | Entered the Ecumenical Temple
  5010 | Temple   | Became a worshipper of Vehumet
  5293 | D:5      | Entered Level 5 of the Dungeon
  5293 | D:5      | Found a snail-covered altar of Cheibriados.
  5444 | D:4      | Reached skill level 5 in Spellcasting
  5899 | D:5      | Found a white marble altar of Elyvilon.
  6071 | D:5      | Got a shimmering flail
  6072 | D:5      | Identified the +10 flail of a volcano {venom, rF- rC+++
                  | Dex+3 Stlth+} (You found it on level 5 of the Dungeon)
  6254 | D:5      | Found an ornate altar of the Wu Jian Council.
  6405 | D:6      | Learned a level 3 spell: Mephitic Cloud
  6410 | D:6      | Learned a level 2 spell: Blink
  6802 | D:6      | Got a fine buckler
  6808 | D:6      | Identified the cursed +0 buckler of Gravity {rCorr Int+2}
                  | (You found it on level 6 of the Dungeon)
  7252 | D:6      | Reached XP level 9. HP: 50/57 MP: 17/17
  7502 | D:7      | Found Ceots's Book Emporium.
  7513 | D:7      | Bought a book of Flames for 350 gold pieces
  7581 | D:7      | Reached * piety under Vehumet
  7581 | D:7      | Offered knowledge of Freeze by Vehumet.
  7588 | D:7      | Learned a level 5 spell: Fireball
  7592 | D:7      | Learned a level 3 spell: Inner Flame
  7694 | D:7      | Reached skill level 1 in Fire Magic
  7755 | D:7      | Reached skill level 5 in Dodging
  7815 | D:7      | Noticed a troll
  8042 | D:7      | Found a blossoming altar of Fedhas.
  8230 | D:7      | Found a hazy altar of Hepliaklqana.
  8348 | D:7      | Killed a troll
  8511 | D:8      | Found a flagged portal.
  8523 | Bailey   | Entered a bailey
  8931 | Bailey   | Learned a level 4 spell: Iskenderun's Mystic Blast
  9066 | Bailey   | Found a roughly hewn altar of Beogh.
  9066 | Bailey   | Noticed an orc knight
  9071 | Bailey   | Reached ** piety under Vehumet
  9072 | Bailey   | Reached skill level 1 in Fighting
  9073 | Bailey   | Offered knowledge of Sandblast by Vehumet.
  9078 | Bailey   | Killed an orc knight
  9079 | Bailey   | Reached XP level 10. HP: 62/68 MP: 14/20
 10025 | D:8      | Found a glowing silver altar of Zin.
 10425 | D:8      | Offered knowledge of Frozen Ramparts by Vehumet.
 10693 | D:8      | Found Gostrohao's Antique Weapon Shoppe.
 10858 | D:8      | Reached *** piety under Vehumet
 11477 | D:9      | Found Powas's Assorted Antiques.
 11485 | D:9      | Bought a scroll of identify for 42 gold pieces
 11486 | D:9      | Identified a scroll of acquirement
 11490 | D:9      | Acquired a +1 kite shield of protection
 11559 | D:9      | Noticed a two-headed ogre
 11767 | D:9      | Killed a two-headed ogre
 11768 | D:9      | Reached skill level 5 in Fighting
 11789 | D:9      | Reached skill level 5 in Fire Magic
 11927 | D:9      | Offered knowledge of Stone Arrow by Vehumet.
 11947 | D:9      | Reached XP level 11. HP: 81/81 MP: 22/22
 12092 | D:9      | Found a shimmering blue altar of Sif Muna.
 12093 | D:9      | Noticed an oklob plant
 12103 | D:9      | Killed an oklob plant
 12537 | D:9      | Found a staircase to the Lair.
 12925 | D:9      | Noticed a two-headed ogre
 12936 | D:9      | Killed a two-headed ogre
 12937 | D:9      | Reached skill level 5 in Shields
 13036 | D:10     | Entered Level 10 of the Dungeon
 13096 | D:10     | Noticed a two-headed ogre
 13181 | D:10     | Noticed a two-headed ogre
 13189 | D:10     | Killed a two-headed ogre
 13204 | D:10     | Reached **** piety under Vehumet
 13305 | D:10     | Killed a two-headed ogre
 13821 | D:11     | Noticed a white ugly thing
 13825 | D:11     | Killed a white ugly thing
 13828 | D:11     | Noticed a manticore
 14028 | D:11     | Offered knowledge of Bolt of Magma by Vehumet.
 14187 | D:11     | Killed a manticore
 14217 | D:11     | Reached XP level 12. HP: 74/92 MP: 16/24
 14659 | D:11     | Noticed a seven-headed hydra
 14678 | D:11     | Killed a seven-headed hydra
 15066 | D:11     | Found a staircase to the Orcish Mines.
 15501 | D:12     | Reached skill level 10 in Conjurations
 15665 | D:12     | Noticed a four-headed hydra
 15681 | D:12     | Killed a four-headed hydra
 15682 | D:12     | Reached skill level 1 in Translocations
 16235 | D:12     | Noticed a two-headed ogre
 16241 | D:12     | Killed a two-headed ogre
 16311 | D:12     | Noticed a six-headed hydra
 16317 | D:12     | Killed a six-headed hydra
 16324 | D:12     | Noticed Frances
 17192 | Lair:1   | Entered Level 1 of the Lair of Beasts
 17192 | Lair:1   | Noticed Gastronok
 17517 | D:9      | Killed Gastronok
 17759 | Lair:1   | Reached XP level 13. HP: 86/102 MP: 12/26
 17760 | Lair:1   | Reached ***** piety under Vehumet
 17760 | Lair:1   | Offered knowledge of Ozocubu's Refrigeration by Vehumet.
 17932 | Lair:1   | Found a large runed translucent door.
 17935 | Lair:1   | Noticed Grum
 17941 | Lair:1   | Noticed a seven-headed hydra
 17945 | Lair:1   | Killed Grum
 17946 | Lair:1   | Reached skill level 10 in Fighting
 17948 | Lair:1   | Noticed Harold
 18162 | Orc:1    | Entered Level 1 of the Orcish Mines
 18723 | Orc:2    | Entered Level 2 of the Orcish Mines
 18796 | Orc:2    | Found a radiant altar of Vehumet.
 19038 | Orc:1    | Found Kaq Hies's Book Shoppe.
 19555 | Orc:2    | Found a staircase to the Elven Halls.
 19713 | Orc:2    | Offered knowledge of Airstrike by Vehumet.
 20226 | Orc:2    | Paralysed by an orc sorcerer for 5 turns
 20545 | Orc:2    | Found Bualeklu's Jewellery Shop.
 20545 | Orc:2    | Found Sonolom's Book Emporium.
 20558 | Orc:2    | Found Siuwocum's Armour Emporium.
 20558 | Orc:2    | Found Lara Tyegg's Antique Armour Shop.
 20845 | Orc:2    | Noticed Maurice
 20852 | Orc:2    | Reached skill level 10 in Spellcasting
 20858 | Orc:2    | Killed Maurice
 20859 | Orc:2    | Reached XP level 14. HP: 90/113 MP: 3/28
 21270 | Lair:1   | Killed Harold
 21732 | Lair:1   | Reached skill level 10 in Dodging
 21865 | Lair:1   | Found a large runed translucent door.
 21865 | Lair:1   | Noticed manix's ghost (journeyman DEFE)
 21977 | Lair:1   | Killed manix's ghost
 22227 | Lair:1   | Got a pitted bardiche
 22268 | Lair:2   | Found a frozen archway.
 22276 | IceCv    | Entered an ice cave
 22835 | IceCv    | Offered knowledge of Irradiate by Vehumet.
 23023 | IceCv    | Noticed a frost giant
 23755 | IceCv    | Killed a frost giant
 24041 | Lair:2   | Found a staircase to the Snake Pit.
 24682 | Lair:2   | Acquired 719 gold pieces
 25006 | Lair:2   | Found a staircase to the Swamp.
 25280 | Lair:2   | Got a scorched lead ring
 25462 | Lair:2   | Got a sparkling jade ring
 25472 | Lair:2   | Got a polished whip
 25709 | D:11     | Identified the ring "Gucziergh" {Int+3 Stlth+} (You found
                  | it on level 2 of the Lair of Beasts)
 25711 | D:11     | Identified the ring "Oveicaop" {rElec Str+6 Int+4 Dex-3}
                  | (You found it on level 2 of the Lair of Beasts)
 25778 | Orc:1    | Bought a book of Power for 675 gold pieces
 25784 | Orc:1    | Learned a level 5 spell: Irradiate
 25890 | Orc:2    | Learned a level 5 spell: Bolt of Magma
 26149 | Lair:3   | Reached XP level 15. HP: 122/122 MP: 13/29
 26423 | Lair:3   | Offered knowledge of Starburst by Vehumet.
 27597 | Lair:4   | Reached skill level 10 in Fire Magic
 28637 | Lair:4   | Reached skill level 10 in Shields
 29116 | Lair:4   | Got a jewelled hand axe
 30024 | Lair:5   | You fall into a shaft and drop 1 floor!
 30024 | Lair:6   | Entered Level 6 of the Lair of Beasts
 30200 | Lair:5   | Found a staircase to the Slime Pits.
 32422 | Lair:6   | Found a burning altar of Makhleb.
 32467 | Lair:6   | Reached XP level 16. HP: 132/132 MP: 31/31
 32670 | Lair:6   | Offered knowledge of Eringya's Noxious Bog by Vehumet.
 34185 | Lair:6   | Found a gateway to Hell.
 34192 | Lair:6   | Identified Zasyng's Compendium of Shifting Evil
 34202 | Lair:6   | Learned a level 7 spell: Orb of Destruction
 34812 | D:12     | Killed Frances
 35975 | D:13     | Reached skill level 1 in Maces & Flails
 36893 | D:14     | Offered knowledge of Yara's Violent Unravelling by Vehumet.
 37328 | D:14     | Identified the Handbook of Calling
 37538 | D:14     | Reached XP level 17. HP: 140/140 MP: 32/32
 37608 | D:14     | Found a gate to the Vaults.
 38008 | D:15     | Entered Level 15 of the Dungeon
 38100 | D:15     | Noticed Agnes
 38114 | D:15     | Killed Agnes
 38115 | D:15     | Reached skill level 15 in Fighting
 38788 | D:15     | Reached skill level 5 in Maces & Flails
 39002 | D:15     | Found a staircase to the Depths.
 40580 | Elf:1    | Entered Level 1 of the Elven Halls
 40835 | Elf:1    | Identified Roxanne's Disquisition on Clay
 40835 | Elf:1    | Noticed Roxanne
 40923 | Elf:1    | Offered knowledge of Lehudib's Crystal Spear by Vehumet.
 41104 | Elf:1    | Got a crude great sword
 41633 | Elf:1    | Found Feabbest's Antique Weapon Shop.
 41646 | Elf:1    | Found Ymapt's Antique Armour Emporium.
 41710 | Elf:1    | Bought a pair of embroidered gloves for 247 gold pieces
 42021 | Elf:1    | Found Fijargh's Jewellery Boutique.
 42353 | Elf:1    | Killed Roxanne
 42609 | Elf:2    | Found a portal to a secret trove of treasure.
 42927 | Elf:2    | Found Zeathrim's Book Emporium.
 42961 | Elf:2    | Reached XP level 18. HP: 146/151 MP: 28/34
 43383 | Elf:2    | Found a runed translucent gate.
 43383 | Elf:2    | Found a runed translucent gate.
 43384 | Elf:2    | Found a runed translucent gate.
 43537 | Elf:2    | Noticed a deep elf blademaster
 43546 | Elf:2    | Killed a deep elf blademaster
 44751 | Elf:3    | Entered Level 3 of the Elven Halls
 44835 | Elf:3    | Found a magical portal.
 44841 | WizLab   | Entered Wucad Mu's Monastery
 45107 | WizLab   | Found the +9 staff of Wucad Mu {*channel}
 46089 | Elf:3    | Cast into level 2 of the Abyss (a deep elf sorcerer)
 46105 | Abyss:2  | Noticed a bone dragon
 46864 | Abyss:3  | Reached XP level 19. HP: 118/159 MP: 35/35
 47359 | Elf:3    | Escaped the Abyss
 47365 | Elf:3    | Noticed a deep elf blademaster
 47373 | Elf:3    | Killed a deep elf blademaster
 47379 | Elf:3    | Reached skill level 10 in Maces & Flails
 48039 | Elf:3    | Found Etoxyted's Jewellery Shoppe.
 48039 | Elf:3    | Found Yloremn's Gadget Boutique.
 48043 | Elf:3    | Reached XP level 20. HP: 167/167 MP: 37/37
 48062 | Elf:3    | Found Dufraen's Gadget Boutique.
 49306 | Elf:3    | Identified the +11 rapier of Wealth {holy, *Noise rF+
                  | Int+5}
 49306 | Elf:3    | Identified the +1 robe of Zoacw {rF- Will++ rCorr}
 49688 | Elf:3    | Identified the Disquisition on Hurtful Weightlessness
 50054 | Elf:3    | Got an ichor-stained shortbow
 50157 | Elf:3    | Identified the +8 shortbow "Mefes" {venom, rC+} (You found
                  | it on level 3 of the Elven Halls)
 50164 | Elf:3    | Got a bloodstained chain mail
 50751 | Snake:1  | Entered Level 1 of the Snake Pit
 50894 | Snake:1  | Got a heavily runed ivory amulet
 50905 | Snake:1  | Identified the amulet of Moral Flaws {Reflect rF+ Dex+3
                  | SH+5 SInv} (You found it on level 1 of the Snake Pit)
 51400 | Snake:1  | Reached XP level 21. HP: 165/175 MP: 38/38
 52768 | Snake:2  | Reached skill level 15 in Conjurations
 53655 | Snake:2  | Found a burning altar of Makhleb.
 53784 | Snake:3  | Found a glowing golden altar of the Shining One.
 54241 | Snake:3  | Found an iron altar of Okawaru.
 55099 | Snake:4  | Entered Level 4 of the Snake Pit
 56112 | Snake:4  | Reached ****** piety under Vehumet
 56758 | Snake:4  | Offered knowledge of Fire Storm by Vehumet.
 56758 | Snake:4  | Offered knowledge of Tornado by Vehumet.
 56758 | Snake:4  | Offered knowledge of Ignition by Vehumet.
 56907 | Snake:4  | Reached XP level 22. HP: 97/184 MP: 19/39
 57998 | Snake:4  | Got a serpentine rune of Zot
 58615 | Snake:4  | Found a runed translucent gate.
 58615 | Snake:4  | Found a runed translucent gate.
 58615 | Snake:4  | Found a runed translucent gate.
 59375 | Orc:1    | Bought a manual of Dodging for 1656 gold pieces
 59556 | Swamp:1  | Entered Level 1 of the Swamp
 60756 | Swamp:2  | Noticed Aizul
 61031 | Swamp:2  | Killed Aizul
 61784 | Swamp:3  | Reached skill level 15 in Dodging
 62372 | Swamp:4  | Entered Level 4 of the Swamp
 62414 | Swamp:4  | Noticed Nikola
 62420 | Swamp:4  | Killed Nikola
 62763 | Swamp:4  | Reached XP level 23. HP: 156/194 MP: 15/41
 63082 | Swamp:4  | Noticed Louise
 63095 | Swamp:4  | Killed Louise
 63802 | Swamp:4  | Got a decaying rune of Zot
 64215 | D:11     | Identified the +0 whip "Looqoank" {freeze, rC+} (You found
                  | it on level 2 of the Lair of Beasts)
 64402 | Slime:1  | Entered Level 1 of the Pits of Slime
 65924 | Slime:2  | Gained mutation: You are frail. (-10% HP) [a shining eye]
 65928 | Slime:2  | Gained mutation: Your body sometimes deteriorates upon
                  | taking damage. [a shining eye]
 65929 | Slime:2  | Gained mutation: You are weak. (Str -2) [a shining eye]
 67552 | Slime:5  | Entered Level 5 of the Pits of Slime
 67894 | Slime:5  | Reached skill level 15 in Fire Magic
 68456 | Slime:5  | Found a viscous altar of Jiyva.
 68547 | Slime:5  | Noticed the Royal Jelly
 68587 | Slime:4  | Learned a level 8 spell: Ignition
 68596 | Slime:5  | Killed the Royal Jelly
 68597 | Slime:5  | Reached skill level 15 in Shields
 68597 | Slime:5  | Reached skill level 15 in Spellcasting
 68597 | Slime:5  | Reached XP level 24. HP: 57/182 MP: 12/42
 69462 | Slime:5  | Got a coiled turquoise ring
 69494 | Slime:5  | Identified the Compendium of Excruciating Earth
 69497 | Slime:5  | Got a slimy rune of Zot
 69810 | Slime:5  | Got a silken robe
 69856 | Slime:5  | Identified the +0 robe of Pajei {rPois Int+7 Stlth-} (You
                  | found it on level 5 of the Pits of Slime)
 69878 | Slime:5  | Identified the ring "Keisch Jothiy" {rPois rN+ Stlth+} (You
                  | found it on level 5 of the Pits of Slime)
 70373 | Vaults:1 | Entered Level 1 of the Vaults
 71231 | Vaults:1 | Found Siboiffa's Assorted Antiques.
 71238 | Vaults:1 | Bought a potion of heal wounds for 175 gold pieces
 72708 | Vaults:2 | Noticed Jory
 72727 | Vaults:2 | Killed Jory
 73544 | Vaults:2 | Found a staircase to the Crypt.
 73544 | Vaults:2 | Found an ancient bone altar of Kikubaaqudgha.
 73545 | Vaults:2 | Found a basalt altar of Yredelemnul.
 73987 | D:11     | Learned a level 2 spell: Passwall
 74523 | Vaults:3 | Reached XP level 25. HP: 190/190 MP: 42/42
 75337 | Vaults:3 | Found Juoj's Distillery.
 75424 | Vaults:3 | Bought a potion of heal wounds for 85 gold pieces
 75424 | Vaults:3 | Bought a potion of curing for 51 gold pieces
 75424 | Vaults:3 | Bought a potion of brilliance for 68 gold pieces
 77345 | Vaults:4 | Found Hets's Jewellery Emporium.
 78760 | Crypt:1  | Entered Level 1 of the Crypt
 79413 | Crypt:1  | Reached XP level 26. HP: 198/198 MP: 43/43
 80527 | Crypt:2  | Noticed Saint Roka
 81367 | Crypt:2  | Found a burning altar of Makhleb.
 81372 | Crypt:2  | Found a glowing golden altar of the Shining One.
 81447 | Crypt:2  | Noticed Bai Suzhen
 81458 | Crypt:2  | Killed Bai Suzhen
 81538 | Crypt:2  | Killed Saint Roka
 81979 | Crypt:3  | Entered Level 3 of the Crypt
 82790 | Crypt:3  | Found a runed translucent door.
 82790 | Crypt:3  | Noticed Hali's ghost (veteran FoFi)
 82797 | Crypt:3  | Noticed Margery
 82813 | Crypt:3  | Killed Margery
 83030 | Crypt:3  | Identified the ring "Ukkesaf" {rElec rC+ rN+ Dex-2 SInv}
 83043 | Crypt:3  | Identified the ring "Oqozauhu" {rPois rN+ MP+9 Dex-3
                  | Stlth+}
 83335 | Crypt:3  | Identified the ring "Fitzoalouc" {+Inv rPois rN+ Int-2
                  | Dex+3}
 84350 | Crypt:3  | Found a staircase to the Tomb.
 84557 | Crypt:3  | Noticed an ancient lich
 84606 | Crypt:3  | Reached XP level 27. HP: 156/203 MP: 28/44
 84627 | Crypt:3  | Killed an ancient lich
 84823 | Crypt:3  | Got a warped copper amulet
 84825 | Crypt:3  | Got a fine bronze amulet
 84830 | Crypt:3  | Identified the Almanac of Necromancy
 84846 | Crypt:3  | Identified the amulet "Nuixkuod" {Faith rF+ Int+4} (You
                  | found it on level 3 of the Crypt)
 84856 | Crypt:3  | Identified the amulet of Stoicism {Faith +Inv Str+3 Int+6}
                  | (You found it on level 3 of the Crypt)
 84857 | Crypt:3  | Identified the cursed +1 broad axe "Boerry" {flame, rElec
                  | rF++} (You found it on level 3 of the Crypt)
 85191 | D:11     | Learned a level 9 spell: Fire Storm
 85358 | Depths:1 | Entered Level 1 of the Depths
 85755 | Depths:1 | Found a gateway to a ziggurat.
 87591 | Depths:1 | Identified the +8 hand axe "Jealiqil" {flame, +Fly Str-4
                  | Dex+8} (You found it on level 1 of the Depths)
 88151 | Depths:2 | Identified the +6 long sword of Eternal Vigilance {vorpal,
                  | +Blink rC+}
 89075 | D:11     | Acquired 1022 gold pieces
 92432 | Depths:3 | Identified the +9 mace "Figore" {freeze, rPois Int+7}
 93532 | Depths:3 | Identified the Volume of Feathers and the Volcanoes
 93541 | Depths:3 | Found a one-way gate to the infinite horrors of the Abyss.
 93542 | Depths:3 | Found a one-way gate leading to the halls of Pandemonium.
 95335 | Depths:4 | Got a vibrating tin ring
 95389 | Depths:4 | Found Nuakip's Armour Boutique.
 95705 | Depths:4 | Found a runed door.
 96564 | Depths:4 | Identified the ring "Heepluno" {rC+ Int+6 Slay+4}
 96569 | Depths:4 | Noticed an ancient lich
 96571 | Depths:4 | Killed an ancient lich
 96649 | Depths:4 | Found the +6 shillelagh "Devastator" {shatter}
 97007 | D:11     | Identified the cursed ring "Usadd" {rElec Will+++ AC-4
                  | Int-2 Slay+4} (You found it on level 4 of the Depths)
 97011 | D:11     | Acquired the +12 chain mail of the Ecumenical Temple {rPois
                  | Str-4 SInv}
 97012 | D:11     | Acquired the ring "Qafoky" {+Blink rPois rF+ Int+6}
 97260 | Depths:5 | Entered Level 5 of the Depths
 98214 | Depths:5 | Found a gate to the Realm of Zot.
 99616 | Depths:5 | Noticed a juggernaut
 99626 | Depths:5 | Killed a juggernaut
100647 | Vaults:5 | Entered Level 5 of the Vaults
100648 | Vaults:5 | Noticed Mara
100653 | Vaults:5 | Killed Mara
100654 | Vaults:5 | Noticed an ancient lich
100824 | Vaults:5 | Killed an ancient lich
100832 | Vaults:5 | Identified the +2 great mace of Dissent {pain, rN+ Int+4
                  | Stlth-}
101469 | Vaults:5 | Identified the ring "Leiliabi" {Int+6 Dex+2}
101630 | Vaults:5 | Identified the ring of Ywagi {rC+ Str+2}
101811 | Vaults:5 | Identified the Handbook of Lightness and Venom
102364 | Vaults:5 | Identified Liatzaqul's Papyrus of the Feathery Mountains
102495 | Vaults:5 | Found the +4 Cigotuvi's embrace {rMiasma *Drain rN+}
104025 | Vaults:5 | Identified the Compendium of Freezing Companions
104061 | Vaults:5 | Got a silver rune of Zot
104272 | Vaults:5 | Got a steaming kite shield
104274 | Vaults:5 | Identified the +0 kite shield of Kacar {+Inv Regen+ rCorr
                  | Slay+2} (You found it on level 5 of the Vaults)
104807 | Hell     | Entered the Vestibule of Hell
104807 | Hell     | Noticed Geryon
104816 | Hell     | Killed Geryon
104825 | Hell     | Noticed Murray
104964 | Hell     | Killed Murray
105229 | Hell     | Found a gateway to the decaying netherworld of Tartarus.
105392 | Hell     | Found a gateway to the ashen valley of Gehenna.
105449 | Hell     | Found a gateway to the Iron City of Dis.
105481 | Hell     | Found a gateway to the freezing wastes of Cocytus.
105767 | Coc:1    | Entered Level 1 of Cocytus
105985 | Coc:1    | Noticed an ancient lich
105998 | Coc:1    | Killed an ancient lich
106384 | Coc:1    | Noticed a shard shrike
106385 | Coc:1    | Killed a shard shrike
106650 | Coc:1    | Noticed a shard shrike
106652 | Coc:1    | Killed a shard shrike
106898 | Coc:1    | Noticed a shard shrike
106902 | Coc:1    | Killed a shard shrike
108300 | Coc:2    | Noticed a shard shrike
108302 | Coc:2    | Killed a shard shrike
108960 | Coc:2    | Noticed a shard shrike
108965 | Coc:2    | Killed a shard shrike
109736 | Coc:2    | Noticed a shard shrike
109738 | Coc:2    | Killed a shard shrike
110163 | Coc:2    | Noticed a shard shrike
110165 | Coc:2    | Killed a shard shrike
111306 | Coc:3    | Noticed a shard shrike
111308 | Coc:3    | Killed a shard shrike
111371 | Coc:3    | Noticed a shard shrike
111374 | Coc:3    | Killed a shard shrike
113600 | Coc:4    | Noticed a shard shrike
113602 | Coc:4    | Killed a shard shrike
113621 | Coc:4    | Noticed a shard shrike
113622 | Coc:4    | Killed a shard shrike
113744 | Coc:4    | Noticed a shard shrike
113746 | Coc:4    | Killed a shard shrike
113982 | Coc:4    | Noticed a shard shrike
113982 | Coc:4    | Noticed a shard shrike
113982 | Coc:4    | Noticed a shard shrike
113982 | Coc:4    | Noticed a shard shrike
113983 | Coc:4    | Killed a shard shrike
113983 | Coc:4    | Killed a shard shrike
113983 | Coc:4    | Killed a shard shrike
113985 | Coc:4    | Killed a shard shrike
114004 | Coc:4    | Noticed a shard shrike
114010 | Coc:4    | Killed a shard shrike
114011 | Coc:4    | Reached skill level 5 in Stealth
114699 | Coc:4    | Noticed a shard shrike
114700 | Coc:4    | Killed a shard shrike
115488 | Coc:4    | Noticed a shard shrike
115498 | Coc:4    | Killed a shard shrike
116153 | Coc:5    | Noticed a shard shrike
116154 | Coc:5    | Killed a shard shrike
116411 | Coc:5    | Noticed a shard shrike
116413 | Coc:5    | Killed a shard shrike
116417 | Coc:5    | Noticed a shard shrike
116418 | Coc:5    | Noticed a shard shrike
116418 | Coc:5    | Noticed a shard shrike
116419 | Coc:5    | Killed a shard shrike
116422 | Coc:5    | Killed a shard shrike
116427 | Coc:5    | Killed a shard shrike
117067 | Coc:5    | Noticed a shard shrike
117068 | Coc:5    | Killed a shard shrike
118230 | Coc:7    | Entered Level 7 of Cocytus
118535 | Coc:7    | Noticed a shard shrike
118536 | Coc:7    | Noticed a shard shrike
118536 | Coc:7    | Noticed a shard shrike
118542 | Coc:7    | Killed a shard shrike
118549 | Coc:7    | Killed a shard shrike
118549 | Coc:7    | Killed a shard shrike
118774 | Coc:7    | Noticed a shard shrike
118779 | Coc:7    | Killed a shard shrike
119704 | Coc:7    | Noticed a shard shrike
119706 | Coc:7    | Killed a shard shrike
119984 | Coc:7    | Got a pitted pewter ring
119989 | Coc:7    | Got a pair of masterwork boots
119990 | Coc:7    | Identified the +0 pair of boots of Oblivion {rElec} (You
                  | found it on level 7 of Cocytus)
119992 | Coc:7    | Identified the ring "Edop" {Str+7 Int-5 Stlth+} (You found
                  | it on level 7 of Cocytus)
120121 | Coc:7    | Noticed a shard shrike
120124 | Coc:7    | Killed a shard shrike
120218 | Coc:7    | Got a heavily runed leather armour
120219 | Coc:7    | Identified the cursed +0 leather armour "Ruilupi" {Rampage
                  | rN+ Int-4 Dex+8} (You found it on level 7 of Cocytus)
120346 | Coc:7    | Noticed a shard shrike
120348 | Coc:7    | Killed a shard shrike
120682 | Coc:7    | Noticed the Serpent of Hell
120686 | Coc:7    | Killed the Serpent of Hell
120737 | Coc:7    | Noticed a shard shrike
120740 | Coc:7    | Killed a shard shrike
121045 | Coc:7    | Noticed a shard shrike
121047 | Coc:7    | Killed a shard shrike
121279 | Coc:7    | Noticed Antaeus
121472 | Coc:7    | Noticed a shard shrike
121472 | Coc:7    | Noticed a shard shrike
121475 | Coc:7    | Killed a shard shrike
121477 | Coc:7    | Killed a shard shrike
121541 | Coc:7    | Lost mutation: You are frail. (-10% HP) [potion of
                  | mutation]
121541 | Coc:7    | Lost mutation: Your body sometimes deteriorates upon taking
                  | damage. [potion of mutation]
121541 | Coc:7    | Gained mutation: Your body sometimes deteriorates upon
                  | taking damage. [potion of mutation]
121541 | Coc:7    | Gained mutation: You have a pair of small horns on your
                  | head. [potion of mutation]
121542 | Coc:7    | Lost mutation: Your body sometimes deteriorates upon taking
                  | damage. [potion of mutation]
121542 | Coc:7    | Lost mutation: You are weak. (Str -2) [potion of mutation]
121542 | Coc:7    | Lost mutation: You have a pair of small horns on your head.
                  | [potion of mutation]
121542 | Coc:7    | Gained mutation: You are robust. (+10% HP) [potion of
                  | mutation]
121542 | Coc:7    | Gained mutation: Your mind is acute. (Int +2) [potion of
                  | mutation]
121542 | Coc:7    | Gained mutation: Your flesh is cold resistant. (rC+)
                  | [potion of mutation]
121543 | Coc:7    | Noticed a shard shrike
121544 | Coc:7    | Killed a shard shrike
121624 | Coc:7    | Killed Antaeus
121772 | Coc:7    | Got an icy rune of Zot
122629 | Tar:1    | Entered Level 1 of Tartarus
122738 | Tar:1    | Reached skill level 1 in Evocations
123671 | Tar:3    | Reached skill level 5 in Evocations
126560 | Tar:4    | Reached skill level 10 in Evocations
127106 | Tar:7    | Entered Level 7 of Tartarus
127763 | Tar:7    | Noticed an ancient lich
127769 | Tar:7    | Killed an ancient lich
128200 | Tar:7    | Noticed Ereshkigal
128431 | Tar:7    | Killed Ereshkigal
129171 | Tar:7    | Found the amulet of Vitality {Regen+ HP+15}
129666 | Tar:7    | Got a bone rune of Zot
129854 | Tar:7    | Noticed an ancient lich
129857 | Tar:7    | Noticed an ancient lich
129858 | Tar:7    | Killed an ancient lich
129864 | Tar:7    | Killed an ancient lich
129878 | Tar:7    | Got a bound pewter ring
129879 | Tar:7    | Identified the ring "Zuupori" {rC- MP+9 Dex+3 SInv} (You
                  | found it on level 7 of Tartarus)
129952 | Tar:7    | Got a coiled lapis lazuli ring
129954 | Tar:7    | Identified the ring of Checkmate {rPois rF- rC+ Int+3} (You
                  | found it on level 7 of Tartarus)
130212 | Tar:7    | Got a steaming plate armour
130636 | D:11     | Identified the +4 plate armour of Xudu {Slay+2 SInv} (You
                  | found it on level 7 of Tartarus)
130879 | Dis:1    | Entered Level 1 of the Iron City of Dis
131054 | Dis:2    | Reached skill level 27 in Dodging
133527 | Dis:7    | Entered Level 7 of the Iron City of Dis
134030 | Dis:7    | Reached skill level 27 in Conjurations
135057 | Dis:7    | Identified the +7 chain mail of the Jackalope {+Fly rPois
                  | Str-4 Dex-3}
135058 | Dis:7    | Found the +4 staff of Dispater
135058 | Dis:7    | Noticed Dispater
136090 | Dis:7    | Reached skill level 27 in Fire Magic
136268 | Dis:7    | Got a dazzling whip
136273 | Dis:7    | Identified the +2 whip "Xorew" {venom, Will+} (You found it
                  | on level 7 of the Iron City of Dis)
136398 | Dis:7    | Killed Dispater
136626 | Dis:7    | Got an iron rune of Zot
137809 | Dis:7    | Got a pitted bronze ring
137830 | Dis:7    | Got a vibrating pewter ring
137845 | Dis:7    | Identified the Reference Book on Feathers
138302 | D:11     | Identified the ring of Nuiselol {Will+ MP+9 Int+2} (You
                  | found it on level 7 of the Iron City of Dis)
138303 | D:11     | Identified the ring of Piplonudog {+Blink rPois Dex+7} (You
                  | found it on level 7 of the Iron City of Dis)
138623 | Tomb:1   | Entered Level 1 of the Tomb of the Ancients
139117 | Tomb:1   | Noticed a royal mummy
139126 | Tomb:1   | Killed a royal mummy
139259 | Tomb:1   | Noticed an ancient lich
139267 | Tomb:1   | Killed an ancient lich
139476 | Tomb:1   | Noticed a royal mummy
139487 | Tomb:1   | Killed a royal mummy
139969 | Tomb:2   | Noticed a royal mummy
139969 | Tomb:2   | Noticed a royal mummy
139970 | Tomb:2   | Noticed a royal mummy
140412 | Tomb:3   | Entered Level 3 of the Tomb of the Ancients
140430 | Tomb:3   | Noticed Sojobo
140430 | Tomb:3   | Lost mutation: You are robust. (+10% HP) [mutagenic glow]
140431 | Tomb:3   | Noticed a royal mummy
140435 | Tomb:3   | Reached skill level 10 in Stealth
140443 | Tomb:2   | Gained mutation: You are weak. (Str -2) [mutagenic glow]
140601 | Tomb:3   | Noticed a royal mummy
140602 | Tomb:3   | Killed a royal mummy
140603 | Tomb:3   | Noticed an ancient lich
140604 | Tomb:3   | Noticed a royal mummy
140609 | Tomb:3   | Noticed a royal mummy
140613 | Tomb:3   | Killed a royal mummy
140623 | Tomb:3   | Noticed a royal mummy
140650 | Tomb:3   | Killed Sojobo
140671 | Tomb:3   | Killed a royal mummy
140680 | Tomb:3   | Noticed a royal mummy
140866 | Tomb:2   | Noticed an ancient lich
140876 | Tomb:2   | Killed a royal mummy
143075 | Dis:1    | Reached skill level 1 in Transmutations
143765 | Dis:2    | Gained mutation: Your mind is very acute. (Int +4) [a
                  | cacodemon]
143806 | Dis:2    | Reached skill level 27 in Spellcasting
144267 | Dis:2    | Reached skill level 5 in Transmutations
150063 | Zig:1    | Entered Level 1 of a ziggurat
150097 | Zig:2    | Entered Level 2 of a ziggurat
150101 | Zig:2    | Reached skill level 1 in Air Magic
150126 | Zig:3    | Entered Level 3 of a ziggurat
150186 | Zig:4    | Entered Level 4 of a ziggurat
150190 | Zig:4    | Found the +8 demon blade "Leech" {vamp, *Rage +Rage rN+}
150217 | Zig:5    | Entered Level 5 of a ziggurat
150355 | Zig:5    | Got a scintillating wooden ring
150362 | Zig:6    | Entered Level 6 of a ziggurat
150386 | Zig:6    | Identified the ring "Zysy" {rF+ rC+ Will+ Str-5 Dex+2} (You
                  | found it on level 5 of a ziggurat)
150389 | Zig:7    | Entered Level 7 of a ziggurat
150433 | Zig:7    | Identified the Guide on Creation and Ignition
150453 | Zig:7    | Identified the Grimoire of the Oath
150461 | Zig:8    | Entered Level 8 of a ziggurat
150468 | Zig:8    | Noticed Cihoda Biyni the pandemonium lord
150469 | Zig:8    | Reached skill level 5 in Air Magic
150477 | Zig:8    | Killed Cihoda Biyni the pandemonium lord
150645 | Zig:8    | Identified the Volume of Evil and the Frostbite
150663 | Zig:8    | Acquired a book of Party Tricks
150672 | Zig:8    | Learned a level 2 spell: Swiftness
150673 | Zig:9    | Entered Level 9 of a ziggurat
150689 | Zig:9    | Found the +10 morningstar "Eos" {elec, Halo rElec}
150733 | Zig:9    | Identified Sif Muna's Grimoire of Evil Battle Magic
150741 | Zig:10   | Entered Level 10 of a ziggurat
150798 | Zig:10   | Acquired the Almanac of Ignition
150800 | Zig:10   | Acquired 402 gold pieces
150807 | Zig:11   | Entered Level 11 of a ziggurat
150834 | Zig:11   | Got a sparkling garnet amulet
150848 | Zig:11   | Identified the amulet of Amorality {Reflect *Drain rN+
                  | Dex+6 SH+5} (You found it on level 11 of a ziggurat)
150858 | Zig:12   | Entered Level 12 of a ziggurat
150870 | Zig:12   | Reached skill level 27 in Fighting
150875 | Zig:12   | Found the ring of the Tortoise {AC+8}
150920 | Zig:12   | Got a vibrating copper ring
150927 | Zig:12   | Identified the Guide on the Arsonist and Hexes
150939 | Zig:12   | Got a serpentine iron ring
150951 | Zig:12   | Identified the ring "Ufajubuh" {rPois rC+++ Int-5 Slay+4
                  | SInv} (You found it on level 12 of a ziggurat)
150953 | Zig:12   | Identified the ring of Soem {rPois rF+ rN+} (You found it
                  | on level 12 of a ziggurat)
150967 | Zig:13   | Entered Level 13 of a ziggurat
150989 | Zig:13   | Reached skill level 10 in Air Magic
150990 | Zig:13   | Found the +2 Maxwell's thermic engine {flame, freeze}
151044 | Zig:13   | Learned a level 9 spell: Tornado
151052 | Zig:14   | Entered Level 14 of a ziggurat
151227 | Zig:15   | Entered Level 15 of a ziggurat
151259 | Zig:15   | Reached skill level 15 in Air Magic
151337 | Zig:15   | Identified the Reference Book on Cold
151340 | Zig:15   | Got a bound silver ring
151354 | Zig:15   | Got a fine leather armour
151362 | Zig:15   | Identified the +3 leather armour "Pungel" {Harm +Blink}
                  | (You found it on level 15 of a ziggurat)
151397 | Zig:15   | Identified the ring of Cerejeups {Wiz rPois} (You found it
                  | on level 15 of a ziggurat)
151404 | Zig:16   | Entered Level 16 of a ziggurat
151460 | Zig:16   | Identified Paghoate's Almanac of the Arsonist
151533 | Zig:16   | Got a faintly glowing scale mail
151536 | Zig:16   | Got a shimmering leather armour
151550 | Zig:16   | Identified the +1 scale mail of a sewer {Rampage rN+ Regen+
                  | Dex-4} (You found it on level 16 of a ziggurat)
151560 | Zig:16   | Identified the +1 leather armour of Oczil {+Blink Int+3}
                  | (You found it on level 16 of a ziggurat)
151573 | Zig:17   | Entered Level 17 of a ziggurat
151657 | Zig:17   | Identified Sif Muna's Reference Book on Sinister Arts and
                  | Flames
151661 | Zig:17   | Identified Aptaotha's Reference Book on Shape Shifting and
                  | Darkness
151663 | Zig:17   | Identified the Handbook of Dusty Changing
151680 | Zig:17   | Identified the Tome of Mezcal
151691 | Zig:17   | Lost mutation: You are weak. (Str -2) [potion of mutation]
151691 | Zig:17   | Lost mutation: Your flesh is cold resistant. (rC+) [potion
                  | of mutation]
151691 | Zig:17   | Gained mutation: Your flesh is heat resistant. (rF+)
                  | [potion of mutation]
151691 | Zig:17   | Gained mutation: You are partially covered in iridescent
                  | scales. (AC +2) [potion of mutation]
151696 | Zig:18   | Entered Level 18 of a ziggurat
151759 | Zig:18   | Found the +9 heavy crossbow "Sniper" {vorpal, Acc+∞ SInv}
151803 | Zig:18   | Got a warped tin ring
151816 | Zig:18   | Got a heavily runed ring mail
151818 | Zig:18   | Got a translucent scimitar
151829 | Zig:18   | Identified the +2 ring mail "Gisaidda" {rPois rCorr} (You
                  | found it on level 18 of a ziggurat)
151840 | Zig:18   | Identified the +7 scimitar of Infinity {speed, +Inv rPois
                  | Dex-5} (You found it on level 18 of a ziggurat)
151843 | Zig:18   | Identified the ring "Boom" {rF+ AC+4 Stlth+} (You found it
                  | on level 18 of a ziggurat)
151848 | Zig:19   | Entered Level 19 of a ziggurat
151889 | Zig:19   | Identified Sif Muna's Guide on the Arsonist and Black Arts
151898 | Zig:19   | Acquired 1005 gold pieces
151900 | Zig:19   | Acquired a book of the Warp
151915 | Zig:19   | Got a fine marble ring
151918 | Zig:19   | Identified the Incunabulum of the Venomous Traveller
151947 | Zig:19   | Identified the ring "Jawah" {rElec rPois EV+4 Dex+2} (You
                  | found it on level 19 of a ziggurat)
151953 | Zig:20   | Entered Level 20 of a ziggurat
151968 | Zig:20   | Noticed an ancient lich
151969 | Zig:20   | Noticed an ancient lich
151970 | Zig:20   | Killed an ancient lich
151971 | Zig:20   | Killed an ancient lich
151976 | Zig:20   | Found the +8 frozen axe "Frostbite" {freezing cloud, *Noise
                  | +Fly rC+}
152059 | Zig:20   | Got a twitching marble ring
152095 | Zig:20   | Got a pair of faintly glowing boots
152097 | Zig:20   | Got a colourful robe
152108 | Zig:20   | Identified the cursed +0 pair of boots of Somewhere Else
                  | {Will+} (You found it on level 20 of a ziggurat)
152130 | Zig:20   | Identified the +1 robe of Defence {Rampage Will+} (You
                  | found it on level 20 of a ziggurat)
152141 | Zig:20   | Identified the ring of Renufit {+Fly Dex+4} (You found it
                  | on level 20 of a ziggurat)
152145 | Zig:20   | Got a distressingly furry ring mail
152148 | Zig:20   | Got a jade-encrusted leather armour
152159 | Zig:20   | Identified the +0 ring mail "Ynteunai" {rF+} (You found it
                  | on level 20 of a ziggurat)
152169 | Zig:20   | Identified the +1 leather armour "Xadiy" {*Corrode Dex+6}
                  | (You found it on level 20 of a ziggurat)
152186 | Zig:21   | Entered Level 21 of a ziggurat
152203 | Zig:21   | Noticed a shard shrike
152208 | Zig:21   | Killed a shard shrike
152345 | Zig:21   | Got a faintly glowing amethyst amulet
152346 | Zig:21   | Identified the amulet "Dodohomm" {rF+ rC+ Regen+} (You
                  | found it on level 21 of a ziggurat)
152398 | Zig:21   | Got a faintly glowing robe
152412 | Zig:21   | Got a masterwork spear
152413 | Zig:21   | Identified the cursed +3 spear "Gyshasul" {vamp, rElec MP+9
                  | Dex+2} (You found it on level 21 of a ziggurat)
152426 | Zig:21   | Identified the +1 robe of Snakes and Ladders {Will- Str+6
                  | Slay+6} (You found it on level 21 of a ziggurat)
152441 | Zig:21   | Got a polished great mace
152448 | Zig:22   | Entered Level 22 of a ziggurat
152456 | Zig:22   | Noticed a royal mummy
152456 | Zig:22   | Noticed a royal mummy
152457 | Zig:22   | Noticed a royal mummy
152459 | Zig:22   | Killed a royal mummy
152459 | Zig:22   | Killed a royal mummy
152459 | Zig:22   | Killed a royal mummy
152460 | Zig:22   | Noticed a royal mummy
152462 | Zig:22   | Killed a royal mummy
152462 | Zig:22   | Noticed a royal mummy
152464 | Zig:22   | Killed a royal mummy
152464 | Zig:22   | Killed a royal mummy
152465 | Zig:22   | Noticed a royal mummy
152466 | Zig:22   | Noticed a royal mummy
152467 | Zig:22   | Killed a royal mummy
152467 | Zig:22   | Noticed a royal mummy
152467 | Zig:22   | Noticed a royal mummy
152470 | Zig:22   | Killed a royal mummy
152471 | Zig:22   | Killed a royal mummy
152471 | Zig:22   | Noticed a royal mummy
152472 | Zig:22   | Killed a royal mummy
152472 | Zig:22   | Noticed a royal mummy
152472 | Zig:22   | Noticed a royal mummy
152473 | Zig:22   | Killed a royal mummy
152473 | Zig:22   | Killed a royal mummy
152475 | Zig:22   | Killed a royal mummy
152475 | Zig:22   | HP: 7/249 [mummy priest/divine providence (15)]
152763 | Zig:22   | Identified the Compendium of Evil and Flight
152790 | Zig:22   | Got smoking steam dragon scales
152806 | Zig:22   | Identified the +0 steam dragon scales of the Morning Star
                  | {+Fly rElec rF- rN+} (You found it on level 22 of a
                  | ziggurat)
152844 | Zig:23   | Entered Level 23 of a ziggurat
152913 | Zig:23   | Got a scorched helmet
152924 | Zig:23   | Identified the +1 helmet of the Heron {*Corrode *Slow
                  | Regen+ Dex+7} (You found it on level 23 of a ziggurat)
152973 | Zig:23   | Identified the Handbook of the Serpent
152975 | Zig:23   | Identified Sif Muna's Disquisition on the Entourage
152982 | Zig:23   | Identified the Handbook of Lightness and Sinister Secrets
152993 | Zig:23   | Identified the Reference Book on Confrontation
153001 | Zig:23   | Got a translucent ring mail
153002 | Zig:23   | Identified the +2 ring mail of the Maze {rF+++ rC++ Dex-3}
                  | (You found it on level 23 of a ziggurat)
153009 | Zig:23   | Got a twisted broad axe
153010 | Zig:23   | Identified the cursed +0 broad axe of Defiance {venom,
                  | +Blink rF+ Str+4} (You found it on level 23 of a ziggurat)
153057 | Zig:24   | Entered Level 24 of a ziggurat
153165 | Zig:24   | Got a slimy brass ring
153232 | Zig:24   | Identified the ring of Toseapae {+Fly rF- rC+ Int+3} (You
                  | found it on level 24 of a ziggurat)
153237 | Zig:25   | Entered Level 25 of a ziggurat
153289 | Zig:25   | Reached skill level 27 in Air Magic
153419 | Zig:25   | Identified the Volume of the Dusty Snowflakes
153443 | Zig:25   | Identified the Guide on the Earthen Volcanoes
153491 | Zig:25   | Got a twisted mace
153497 | Zig:25   | Got a smelly chain mail
153528 | Zig:25   | Identified the +1 chain mail of Intoc {rElec Str-2 Dex-2
                  | Stlth+} (You found it on level 25 of a ziggurat)
153540 | Zig:25   | Identified the +8 mace of Extremism {pain, Stlth+} (You
                  | found it on level 25 of a ziggurat)
153546 | Zig:26   | Entered Level 26 of a ziggurat
153570 | Zig:26   | Reached skill level 15 in Stealth
153655 | Zig:26   | Got a bound ivory ring
153706 | Zig:26   | Got a crude morningstar
153708 | Zig:26   | Identified the +3 morningstar "Recsenall" {vorpal, Int-2
                  | Dex+6} (You found it on level 26 of a ziggurat)
153711 | Zig:26   | Identified the ring "Tuskeamm" {*Contam rC+ AC+4 Str+3}
                  | (You found it on level 26 of a ziggurat)
153716 | Zig:26   | Got a faintly glowing chain mail
153719 | Zig:26   | Got a dazzling scale mail
153730 | Zig:26   | Identified the +1 chain mail of the Cockroach {rCorr} (You
                  | found it on level 26 of a ziggurat)
153740 | Zig:26   | Identified the cursed +0 scale mail of the Miller {rC++
                  | Int-3} (You found it on level 26 of a ziggurat)
153754 | Zig:27   | Entered Level 27 of a ziggurat
153786 | Zig:27   | Reached skill level 15 in Evocations
154020 | Zig:27   | Identified the Almanac of Transformation
154024 | Zig:27   | Identified Veofo's Volume of Weightlessness
154039 | Zig:27   | Got a translucent war axe
154040 | Zig:27   | Identified the +12 war axe of Qevvuwko {antimagic, rC+
                  | Will++ Int-4 Stlth+} (You found it on level 27 of a
                  | ziggurat)
154052 | Zig:27   | Identified the +1 scale mail of Greed {Stlth+} (You found
                  | it on level 27 of a ziggurat)
154054 | Zig:27   | Identified the +9 war axe of Zeoci {flame, Str-4 Dex+2
                  | SInv} (You found it on level 27 of a ziggurat)
154748 | Tomb:2   | Killed an ancient lich
154751 | Tomb:2   | Killed a royal mummy
155163 | Tomb:2   | Killed a royal mummy
155249 | Tomb:1   | Noticed a royal mummy
155249 | Tomb:1   | Noticed a royal mummy
155249 | Tomb:1   | Noticed a royal mummy
155252 | Tomb:1   | Killed a royal mummy
155252 | Tomb:1   | Killed a royal mummy
155252 | Tomb:1   | Killed a royal mummy
155542 | Tomb:1   | Noticed a royal mummy
155545 | Tomb:1   | Killed a royal mummy
155551 | Tomb:1   | Noticed a royal mummy
155552 | Tomb:1   | Noticed a royal mummy
155557 | Tomb:1   | Killed a royal mummy
155562 | Tomb:1   | Killed a royal mummy
155621 | Tomb:1   | Noticed a royal mummy
155625 | Tomb:1   | Killed a royal mummy
155842 | Tomb:1   | Noticed a royal mummy
155845 | Tomb:1   | Killed a royal mummy
155906 | Tomb:1   | Noticed a royal mummy
155907 | Tomb:1   | Killed a royal mummy
155929 | Tomb:1   | Noticed a royal mummy
155932 | Tomb:1   | Killed a royal mummy
156100 | Tomb:1   | Noticed a royal mummy
156105 | Tomb:1   | Killed a royal mummy
156248 | Tomb:1   | Noticed a royal mummy
156250 | Tomb:1   | Killed a royal mummy
156578 | Tomb:3   | Killed a royal mummy
156579 | Tomb:3   | Killed a royal mummy
156586 | Tomb:3   | Killed a royal mummy
156850 | Tomb:3   | Killed an ancient lich
156852 | Tomb:3   | Noticed an ancient lich
156861 | Tomb:3   | Killed an ancient lich
157061 | Tomb:3   | Got a golden rune of Zot
157173 | Tomb:3   | Identified Sif Muna's Grimoire of Torrid Ice
157178 | Tomb:3   | Got a flickering steel amulet
157182 | Tomb:3   | Got a sparkling brass amulet
157388 | Tomb:3   | Identified the amulet of Paranoia {RegenMP *Drain Fragile
                  | Will+++ SInv} (You found it on level 3 of the Tomb of the
                  | Ancients)
157389 | Tomb:3   | Identified the amulet "Ucluen" {Faith +Blink Str+3 Dex+3}
                  | (You found it on level 3 of the Tomb of the Ancients)
157428 | Tomb:3   | Identified the +1 plate armour of Imperfection {+Inv} (You
                  | found it on level 3 of the Tomb of the Ancients)
157435 | Tomb:3   | Got a scorched war axe
157436 | Tomb:3   | Identified the +1 war axe "Hyarchiwi" {drain, Will+} (You
                  | found it on level 3 of the Tomb of the Ancients)
158248 | Zot:1    | Entered Level 1 of the Realm of Zot
160827 | Zot:3    | Noticed a shard shrike
161020 | Zot:3    | Found a transporter.
161024 | Zot:3    | Noticed Alunk's ghost (legendary GnFi)
161024 | Zot:3    | Noticed a shard shrike
161039 | Zot:3    | Found a transporter.
161039 | Zot:3    | Noticed a shard shrike
161178 | Zot:3    | Noticed a shard shrike
161196 | Zot:3    | Killed a shard shrike
161197 | Zot:3    | Killed a shard shrike
161197 | Zot:3    | Killed a shard shrike
161198 | Zot:3    | Killed a shard shrike
161216 | Zot:3    | Killed Alunk's ghost
161376 | Zot:3    | Got a masterwork cloak
161387 | Zot:3    | Identified the +2 cloak "Woepnuuzunn" {-Tele Str+2 Int+5
                  | Dex+4} (You found it on level 3 of the Realm of Zot)
163086 | Zot:4    | Found a glowing golden altar of the Shining One.
163165 | Zot:4    | Identified the Grimoire of Fire and Brimstone
163181 | Zot:4    | Identified the Incunabulum of the Zealot
164155 | Geh:1    | Entered Level 1 of Gehenna
164811 | Depths:3 | Voluntarily entered the Abyss.
165060 | Depths:3 | Escaped the Abyss
165117 | Depths:3 | Voluntarily entered the Abyss.
165117 | Abyss:1  | Found a corrupted altar of Lugonu.
165124 | Abyss:1  | Found a transporter.
165147 | Abyss:1  | Got a steaming steel ring
165154 | Abyss:1  | Identified the ring "Leudech" {Wiz rN+ Will++} (You found
                  | it on level 1 of the Abyss)
165161 | Abyss:1  | Found a transporter.
165184 | Abyss:1  | Found a corrupted altar of Lugonu.
165220 | Depths:3 | Escaped the Abyss
165795 | Crypt:3  | Killed Hali's ghost
166419 | Depths:3 | Voluntarily entered the Abyss.
166628 | Abyss:1  | Noticed an ancient lich
166634 | Abyss:1  | Killed an ancient lich
167238 | Abyss:4  | Identified the +7 battleaxe "Koiraf" {freeze, *Corrode
                  | Will+++ Str+2}
167346 | Abyss:5  | Entered Level 5 of the Abyss
167346 | Abyss:5  | Found a corrupted altar of Lugonu.
168029 | Abyss:5  | Gained mutation: Potions are less effective at restoring
                  | your health. [a neqoxec]
168031 | Abyss:5  | Lost mutation: Your mind is very acute. (Int +4) [potion of
                  | mutation]
168031 | Abyss:5  | Lost mutation: Your flesh is heat resistant. (rF+) [potion
                  | of mutation]
168031 | Abyss:5  | Gained mutation: You have a pair of small horns on your
                  | head. [potion of mutation]
168031 | Abyss:5  | Gained mutation: You have sharp fingernails. [potion of
                  | mutation]
168031 | Abyss:5  | Gained mutation: You are covered in fur. (AC +1) [potion of
                  | mutation]
168032 | Abyss:5  | Lost mutation: Your mind is acute. (Int +2) [potion of
                  | mutation]
168032 | Abyss:5  | Lost mutation: You have sharp fingernails. [potion of
                  | mutation]
168032 | Abyss:5  | Gained mutation: You are surrounded by a mild repulsion
                  | field. (EV +2) [potion of mutation]
168032 | Abyss:5  | Gained mutation: You are frail. (-10% HP) [potion of
                  | mutation]
168032 | Abyss:5  | Gained mutation: You possess an exceptional clarity of
                  | mind. [potion of mutation]
168033 | Abyss:5  | Lost mutation: You are frail. (-10% HP) [potion of
                  | mutation]
168033 | Abyss:5  | Lost mutation: Potions are less effective at restoring your
                  | health. [potion of mutation]
168033 | Abyss:5  | Gained mutation: Your body sometimes deteriorates upon
                  | taking damage. [potion of mutation]
168033 | Abyss:5  | Gained mutation: You passively map a small area around you.
                  | [potion of mutation]
168142 | Abyss:5  | Paralysed by accursed screaming for 1 turns
168201 | Abyss:5  | Got an abyssal rune of Zot
168249 | Depths:3 | Escaped the Abyss
168555 | D:11     | Lost mutation: You passively map a small area around you.
                  | [potion of mutation]
168555 | D:11     | Lost mutation: Your body often deteriorates upon taking
                  | damage. [potion of mutation]
168555 | D:11     | Lost mutation: You are covered in fur. (AC +1) [potion of
                  | mutation]
168555 | D:11     | Lost mutation: You possess an exceptional clarity of mind.
                  | [potion of mutation]
168555 | D:11     | Gained mutation: You have a somewhat thin skeletal
                  | structure. (Dex +2, Stealth) [potion of mutation]
168556 | D:11     | Lost mutation: You have a somewhat thin skeletal structure.
                  | (Dex +2, Stealth) [potion of mutation]
168556 | D:11     | Lost mutation: You have a pair of small horns on your head.
                  | [potion of mutation]
168556 | D:11     | Lost mutation: You are surrounded by a mild repulsion
                  | field. (EV +2) [potion of mutation]
168556 | D:11     | Lost mutation: You are partially covered in iridescent
                  | scales. (AC +2) [potion of mutation]
168556 | D:11     | Gained mutation: Your natural rate of healing is unusually
                  | fast. [potion of mutation]
169563 | Pan      | Entered Pandemonium
169855 | Pan      | Found an exit through the horrors of the Abyss.
170646 | Pan      | Noticed Vicveent the pandemonium lord
170657 | Pan      | Killed Vicveent the pandemonium lord
171513 | Pan      | Gained mutation: You are weak. (Str -2) [a cacodemon]
171516 | Pan      | Lost mutation: Your natural rate of healing is unusually
                  | fast. [a cacodemon]
171523 | Pan      | Identified the +7 war axe of the Ass {protect, +Fly Str-4
                  | Stlth+}
172452 | Pan      | Noticed Wemesch the pandemonium lord
172518 | Pan      | Killed Wemesch the pandemonium lord
172830 | Pan      | Found an exit through the horrors of the Abyss.
172836 | Pan      | Noticed Rakewk the pandemonium lord
172955 | Pan      | Lost mutation: You are weak. (Str -2) [potion of mutation]
172955 | Pan      | Gained mutation: You are frail. (-10% HP) [potion of
                  | mutation]
172955 | Pan      | Gained mutation: You are dopey. (Int -2) [potion of
                  | mutation]
172955 | Pan      | Gained mutation: You have an increased reservoir of magic.
                  | (+10% MP) [potion of mutation]
172956 | Pan      | Lost mutation: You have an increased reservoir of magic.
                  | (+10% MP) [potion of mutation]
172956 | Pan      | Lost mutation: You are dopey. (Int -2) [potion of mutation]
172956 | Pan      | Lost mutation: You are frail. (-10% HP) [potion of
                  | mutation]
172956 | Pan      | Gained mutation: You are frail. (-10% HP) [potion of
                  | mutation]
172956 | Pan      | Gained mutation: You have a pair of small antennae on your
                  | head. [potion of mutation]
172956 | Pan      | Gained mutation: You are partially covered in slimy green
                  | scales. (AC +2) [potion of mutation]
172957 | Pan      | Lost mutation: You are frail. (-10% HP) [potion of
                  | mutation]
172957 | Pan      | Lost mutation: You have a pair of small antennae on your
                  | head. [potion of mutation]
172957 | Pan      | Lost mutation: You are partially covered in slimy green
                  | scales. (AC +2) [potion of mutation]
172957 | Pan      | Gained mutation: Your spells are a little harder to cast,
                  | but a little more powerful. [potion of mutation]
172957 | Pan      | Gained mutation: You are clumsy. (Dex -2) [potion of
                  | mutation]
172957 | Pan      | Gained mutation: Your muscles are strong. (Str +2) [potion
                  | of mutation]
172958 | Pan      | Lost mutation: Your muscles are strong. (Str +2) [potion of
                  | mutation]
172958 | Pan      | Lost mutation: You are clumsy. (Dex -2) [potion of
                  | mutation]
172958 | Pan      | Lost mutation: Your spells are a little harder to cast, but
                  | a little more powerful. [potion of mutation]
172958 | Pan      | Gained mutation: Your flesh is heat resistant. (rF+)
                  | [potion of mutation]
173044 | Pan      | Killed Rakewk the pandemonium lord
173143 | Pan      | Got a demonic rune of Zot
174384 | Pan      | Entered the realm of Lom Lobon.
175002 | Pan      | Got a shimmering leather armour
175013 | Pan      | Identified the +0 leather armour "Gehariuq" {-Cast rPois
                  | Dex+5 Slay+2} (You found it in Pandemonium)
175223 | Pan      | Found an exit through the horrors of the Abyss.
175763 | Pan      | Noticed Lom Lobon
176211 | Pan      | Killed Lom Lobon
176410 | Pan      | Got a magical rune of Zot
176877 | Pan      | Found an exit through the horrors of the Abyss.
177063 | Pan      | Noticed Ifrir the pandemonium lord
177068 | Pan      | Killed Ifrir the pandemonium lord
178371 | Pan      | Noticed Rup Maje the pandemonium lord
178378 | Pan      | Killed Rup Maje the pandemonium lord
178486 | Pan      | Gained mutation: Your body sometimes deteriorates upon
                  | taking damage. [a neqoxec]
178641 | Pan      | Lost mutation: Your body sometimes deteriorates upon taking
                  | damage. [potion of mutation]
178641 | Pan      | Lost mutation: Your flesh is heat resistant. (rF+) [potion
                  | of mutation]
178641 | Pan      | Gained mutation: You are frail. (-10% HP) [potion of
                  | mutation]
178641 | Pan      | Gained mutation: You are strong-willed. (Will+) [potion of
                  | mutation]
178642 | Pan      | Lost mutation: You are strong-willed. (Will+) [potion of
                  | mutation]
178642 | Pan      | Lost mutation: You are frail. (-10% HP) [potion of
                  | mutation]
178642 | Pan      | Gained mutation: You are strong-willed. (Will+) [potion of
                  | mutation]
178642 | Pan      | Gained mutation: Your spells are a little harder to cast,
                  | but a little more powerful. [potion of mutation]
178642 | Pan      | Gained mutation: You have supernaturally acute eyesight.
                  | (SInv) [potion of mutation]
179163 | Pan      | Gained mutation: You are dopey. (Int -2) [a neqoxec]
179165 | Pan      | Gained mutation: Your body sometimes deteriorates upon
                  | taking damage. [a neqoxec]
179321 | Pan      | Lost mutation: Your body sometimes deteriorates upon taking
                  | damage. [potion of mutation]
179321 | Pan      | Lost mutation: You are dopey. (Int -2) [potion of mutation]
179321 | Pan      | Gained mutation: You are somewhat resistant to further
                  | mutation. [potion of mutation]
179321 | Pan      | Lost mutation: You have supernaturally acute eyesight.
                  | (SInv) [potion of mutation]
179480 | Pan      | Found a runed translucent door.
179489 | Pan      | Found a runed translucent door.
179723 | Pan      | Noticed Jaunynn the pandemonium lord
179745 | Pan      | Reached skill level 27 in Stealth
180064 | Pan      | Found a runed translucent door.
180070 | Pan      | Found a runed translucent door.
180820 | Pan      | Killed Jaunynn the pandemonium lord
180857 | Pan      | Identified the Guide on Flying Necromancy
181824 | Pan      | Noticed Ysmiwkitt the pandemonium lord
181827 | Pan      | Killed Ysmiwkitt the pandemonium lord
183351 | Pan      | Found an exit through the horrors of the Abyss.
183922 | Pan      | Noticed Dodgh the pandemonium lord
183934 | Pan      | Killed Dodgh the pandemonium lord
184771 | Pan      | Found an exit through the horrors of the Abyss.
184817 | Pan      | Found a transporter.
185180 | Pan      | Found a transporter.
185418 | Pan      | Gained mutation: You occasionally shout uncontrollably at
                  | your foes. [mutagenic glow]
185456 | Pan      | Gained mutation: Your body sometimes deteriorates upon
                  | taking damage. [mutagenic glow]
185463 | Pan      | Got a flickering brass ring
185473 | Pan      | Identified the ring of Jakit {*Tele Dex+4} (You found it in
                  | Pandemonium)
185476 | Pan      | Got a glittering tin ring
185477 | Pan      | Identified the cursed ring of Ephemeral Luck {EV-4 Dex+2}
                  | (You found it in Pandemonium)
185608 | Pan      | Entered the realm of Mnoleg.
185709 | Pan      | Noticed Mnoleg
185716 | Pan      | Killed Mnoleg
185910 | Pan      | Reached skill level 27 in Shields
186170 | Pan      | Found an exit through the horrors of the Abyss.
186608 | Pan      | Gained mutation: Armour fits poorly on your strangely
                  | shaped body. [a cacodemon]
186836 | Pan      | Got a glowing rune of Zot
186951 | Pan      | Entered the realm of Cerebov.
187577 | Pan      | Found an exit through the horrors of the Abyss.
188045 | Pan      | Got a shimmering amber ring
188052 | Pan      | Identified the Incunabulum of the Traveller
188077 | Pan      | Identified the ring "Kukipn" {*Tele rF+ Int+7 Dex-2} (You
                  | found it in Pandemonium)
188158 | Pan      | Found the +6 sword of Cerebov {flame}
188158 | Pan      | Noticed Cerebov
188435 | Pan      | Identified the +10 shortbow of Yfyjol {freeze, Int+4}
188660 | Pan      | Identified the +7 great sword "Borozat" {freeze, *Drain
                  | Dex+5}
188807 | Pan      | Identified the amulet "Buvoness" {rElec rF- Regen+ SInv
                  | Stlth+}
189001 | Pan      | Slain by a lorocyproca

Illustrated notes

Levels and vault maps discovered:
D:1:      kennysheep_arrival_forest, layout_basic
D:2:      layout_rooms, grunt_dithmenos_smoke_and_mirrors
D:3:      layout_loops_ring, makhleb_heckhound_becter
D:4:      layout_loops_corners, lemuel_doored_altar,
          lemuel_coloured_pillars_altar, temple_hall, roderic_roman_lattice,
          uniq_sigmund
D:5:      layout_rooms, elyvilon_altar_1, kennysheep_mini, cheibriados_altar_1
D:6:      layout_basic
D:7:      layout_rooms, kennysheep_little_box, fedhas_altar_fruit_tree,
          serial_shops, shop
D:8:      layout_basic, zin_scriptorium, serial_shops, shop,
          lightli_bailey_entry_fortress, roderic_batcave
D:9:      layout_small_grid, david_lair_shrubbed, serial_shops,
          nicolae_shop_crystal, lemuel_oklob_altar
D:10:     layout_cave_pools
D:11:     layout_stronghold, hiddenorc1_lemuel
D:12:     layout_stronghold, kennysheep_kite_vault, uniq_frances
D:13:     layout_basic
D:14:     layout_loops_cross, ximxim_vaults_locker_room, chequers_jeans
D:15:     gammafunk_enter_depths_forms, layout_basic, serial_park_square3
          [serial_park_minivault_5x5_6], uniq_agnes
Temple:   regret_index_temple_generic_petals
Lair:1:   layout_cave_shapes, ebering_ghost_disaster_area, uniq_grum,
          uniq_gastronok, uniq_harold
Lair:2:   layout_small_grid, minmay_swamp_entry_reptiles,
          guppyfry_snake_entry_island, portal_ice_cave_entry_imps, ice2_lemuel
Lair:3:   layout_cave_shapes, special_room [special_room_bee],
          grunt_forest_stairs_basic
Lair:4:   dragon1_lemuel, layout_cellular_growth
Lair:5:   layout_cave_pods, minmay_slime_entry_oklob_enclosed
Lair:6:   evil_forest, layout_gridlike, wad_woods_river_01
Swamp:1:  layout_basic_swamp, evilmike_swamp_ruin_rubble_1
Swamp:2:  layout_basic_swamp, serial_swamp_ruin, evilmike_swamp_ruin_wall,
          evilmike_swamp_ruin_rubble_2, evilmike_swamp_ruin_house_5,
          nicolae_swamp_orc_logging_accident, uniq_aizul
Swamp:3:  layout_basic_swamp, evilmike_swamp_ruin_house_3
Swamp:4:  swamp_fiery, layout_basic_swamp, uniq_nikola, uniq_louise
Snake:1:  layout_gridlike, nrook_guardian_serpent_ordinary
Snake:2:  layout_basic, basic_altar
Snake:3:  layout_cave_pods, hangedman_feature_mirror, grunt_ministairs_9
Snake:4:  johnstein_snake_rune_scales, layout_layer_cave, drop_trap,
          nicolae_snake_horde_hoard
Slime:1:  layout_caves, cheibrodos_slime_lost_civilization_7
Slime:2:  layout_caves, cheibrodos_slime_lost_civilization_5
Slime:3:  layout_caves
Slime:4:  cheibrodos_slime_lost_civilization_1, layout_caves
Slime:5
Orc:1:    layout_caves, serial_shops, shop
Orc:2:    grunt_orc_tribal_feast, layout_diamond_mine, basic_altar,
          minmay_orc_keep, uniq_maurice
Elf:1:    elf_arrival_001, layout_onion_city, serial_shops, shop_statue, shop,
          shop, minivault_28, glass_columns_b, serial_sigils_hangedman_snap,
          uniq_roxanne
Elf:2:    layout_geoelf_octagon, serial_shops, nicolae_shop_statue_plus,
          enter_trove_0, minivault_14
Elf:3:    minmay_elf_hall_spiked, layout_geoelf_diagonals,
          infiniplex_enter_wizlab_spiral, corexii_leaking_fountain,
          grunt_ministairs_14, minmay_misc_feat_five, minivault_28,
          minmay_shop_grove
Vaults:1: ontoclasm_vaults_ligature, hangedman_vaults_capsules,
          hangedman_vaults_corner_blocks, nicolae_vaults_network_square,
          hangedman_vaults_trim, v_misc_22, nicolae_vaults_little_squares_2,
          nicolae_vaults_little_squares_5, vaults_room_fours,
          vaults_room_hallway, vaults_room_semicircle,
          nicolae_vaults_little_squares_4, layout_vaults_omnibox, serial_shops,
          nicolae_shop_temple_entry_statues_fountains
Vaults:2: nicolae_vaults_what_the_h, minmay_crypt_entry_necro_gods,
          hangedman_vaults_stretched_pinwheel, hangedman_vaults_trim,
          nicolae_vaults_network_star, ontoclasm_vaults_pinch,
          layout_vaults_quadrants, uniq_jory
Vaults:3: vaults_mumra_chevron_long, v_alt_pattern_4, v_misc_25, v_pattern_3,
          nicolae_vaults_twisting_passages, hangedman_vaults_stretched_pinwheel,
          v_misc_11, nicolae_vaults_border_crossing, v_alt_pattern_2, v_misc_15,
          v_misc_24, v_alt_pattern_3, v_misc_3, grunt_vaults_hallway_short,
          ontoclasm_vaults_hangar, vaults_dpeg_encased_lava,
          layout_vaults_omnicross, serial_shops, shop
Vaults:4: vaults_mumra_minichess_inversion, hangedman_vaults_snaps,
          vaults_room_ringed_pool, vaults_room_door_ring, ontoclasm_vaults_eye,
          vaults_dpeg_ring, ontoclasm_vaults_spin,
          nicolae_vaults_diagonal_hallway_9, ontoclasm_vaults_misaligned,
          layout_vaults_big_room, serial_shops, shop
Vaults:5: serial_shops, uniq_mara
Crypt:1:  layout_regular_city
Crypt:2:  layout_misc_corridors, nzn_life_drinkers, uniq_bai_suzhen,
          uniq_saint_roka
Crypt:3:  david_glass_crypt, layout_gridlike, nicolae_tomb_entry_grand_gallery,
          gammafunk_ghost_grave, small_statue_intersection, uniq_margery
Tomb:1
Tomb:2
Tomb:3:   uniq_sojobo
Depths:1: layout_cave_pools, enter_ziggurat_c, kennysheep_path_1,
          grunt_metal_band, serial_bayou_pond_c, minmay_metal_thing
Depths:2: kennysheep_oblong_rooms, layout_small_grid, hell_entry, serial_rivers,
          chequers_serial_rivers_large_b, chequers_serial_rivers_micro_b,
          chequers_serial_rivers_micro_d, chequers_serial_rivers_micro_a,
          chequers_serial_rivers_micro_d, hangedman_abyss_or_decor_slice
Depths:3: box_level_dp, abyss_entry, hell_entry, pan_entry
Depths:4: evilmike_wizard_prison, layout_long_grid, serial_shops, shop,
          grunt_hell_entry_dis_mu, abyss_entry
Depths:5: grunt_crosshair, layout_basic, hell_entry,
          hangedman_decor_clover_reticule, serial_bayou_shore_a
Hell
Dis:1:    layout_subdivisions
Dis:2:    layout_jigsaw
Dis:3:    layout_chaotic_city
Dis:4:    layout_jigsaw
Dis:5:    layout_regular_city
Dis:6:    layout_chaotic_city
Dis:7:    iron_city_of_dis [dis_old, dis_wall_3], layout_chaotic_city
Geh:1:    layout_gehenna_lava_caves
Coc:1:    layout_ice_bergs, special_room [special_room_morgue]
Coc:2:    layout_ice_bergs
Coc:3:    layout_ice_bergs, evilmike_ambush [evilmike_ambush_outer_corners,
          evilmike_ambush_inner_basic]
Coc:4:    layout_ice_bergs
Coc:5:    layout_cocytus_water_paths
Coc:6:    layout_ice_bergs
Coc:7:    coc_mu
Tar:1:    layout_cathedral_of_symmetry, nicolae_tar_cuneiform_sun,
          nicolae_tar_cuneiform_city, grunt_megastairs_2
Tar:2:    layout_grid_maze, nicolae_tar_cuneiform_sun
Tar:3:    layout_grid_maze, nicolae_tar_cuneiform_bread,
          nicolae_tar_cuneiform_heaven, hangedman_snap_crack_crunch
Tar:4:    grunt_deathspiral_small, layout_cathedral_of_symmetry,
          grunt_tartarus_stairs_gauntlet_trap
Tar:5:    layout_catacombs, lemuel_elevator
Tar:6:    layout_cathedral_of_symmetry
Tar:7:    tar_grunt_cathedral
Zot:1:    layout_onion, skrybe_zot_glass_3
Zot:2:    layout_onion_interference
Zot:3:    nicolae_zot_stationary_front, layout_onion_interference,
          gammafunk_ghost_berserking_beasts
Zot:4:    nicolae_zot_draconian_monastery, layout_onion
Pan:      evilmike_mini_pan_rooms, layout_basic, pan_blood_fountain_2,
          reaverb_pan_chaos_star, evilmike_mini_pan_V, layout_grid_shapes,
          nicolae_pan_diamonds, layout_irregular_city, lom_lobon_spiral_st,
          layout_chambers, evilmike_mini_pan_T, layout_pan_divisions_b
          [pan_division_quadrant_b1, pan_division_quadrant_b4,
          pan_division_quadrant_b4, pan_division_quadrant_b6],
          nicolae_pan_glass_arcs, layout_small_grid, rand_demon_7,
          layout_gridlike, nicolae_pan_lom_lobonic_1, lemuel_hall_of_pain,
          layout_irregular_city, pan_blood_fountain, evilmike_mini_pan_T,
          layout_long_grid, gammafunk_its_a_trap, layout_cellular_growth,
          evilmike_mnoleg_eyes, layout_grid_shapes, cerebov_st, layout_basic

Skill      XL: |  1  2  3  4  5  6  7  8  9 10 11 12 13 14 15 16 17 18 19 20 21 22 23 24 25 26 27 |
---------------+----------------------------------------------------------------------------------+-----
Spellcasting   | 3 4 5 7 8 9 10 11 12 13 14 15 16 17 27 | 27.0
Shields        | 1 2 3 4 6 7 8 9 10 11 12 13 14 15 27 | 27.0
Conjurations   | 5 6 7 8 9 10 11 12 13 14 15 16 17 18 27 | 27.0
Dodging        | 3 4 6 7 8 9 10 11 12 13 14 15 16 17 19 27 | 27.0
Fire Magic     | 3 5 6 7 8 9 10 11 12 13 14 15 16 17 27 | 27.0
Fighting       | 2 5 8 9 11 12 13 14 15 16 17 18 19 20 27 | 27.0
Translocations | 3 6 9 |  9.0
Maces & Flails | 3 7 9 10 11 12 13 14 | 14.0
Stealth        | 27 | 27.0
Evocations     | 24 | 24.7
Transmutations | 9 |  9.0
Air Magic      | 27 | 27.0

Action                   |  1- 3 |  4- 6 |  7- 9 | 10-12 | 13-15 | 16-18 | 19-21 | 22-24 | 25-27 || total
-------------------------+-------+-------+-------+-------+-------+-------+-------+-------+-------++-------
Melee: Whip              |    14 |       |       |       |       |       |       |       |       ||    14
       Dagger            |    64 |    27 |       |       |       |       |       |       |       ||    91
       Hand axe          |       |   101 |    14 |       |       |       |       |       |       ||   115
       Flail             |       |       |    60 |   153 |   358 |   403 |   319 |   664 |  9985 || 11942
       Headbutt          |       |       |       |       |       |       |       |       |    13 ||    13
Throw: Dart              |       |       |       |     1 |     1 |     1 |       |       |       ||     3
       Boomerang         |       |       |       |       |       |     2 |       |     1 |     1 ||     4
 Cast: Magic Dart        |     8 |       |    53 |    46 |     7 |    11 |     4 |     6 |    18 ||   153
       Searing Ray       |    11 |    15 |    39 |    76 |    81 |    22 |     4 |     7 |     8 ||   263
       Mephitic Cloud    |       |       |     4 |    44 |    75 |    41 |    15 |    12 |    11 ||   202
       Iskenderun's Myst |       |       |     1 |    37 |    41 |    30 |    14 |    19 |   107 ||   249
       Fireball          |       |       |       |    37 |    99 |    73 |    58 |    71 |    56 ||   394
       Blink             |       |       |       |       |    16 |     2 |       |     4 |    77 ||    99
       Bolt of Magma     |       |       |       |       |    58 |   239 |   127 |   126 |   174 ||   724
       Irradiate         |       |       |       |       |     9 |    22 |    20 |    29 |   399 ||   479
       Orb of Destructio |       |       |       |       |       |    11 |    27 |   161 |  1527 ||  1726
       Ignition          |       |       |       |       |       |       |       |    24 |   338 ||   362
       Passwall          |       |       |       |       |       |       |       |     6 |    18 ||    24
       Fire Storm        |       |       |       |       |       |       |       |       |   685 ||   685
       Tornado           |       |       |       |       |       |       |       |       |    80 ||    80
Evoke: Wand              |       |       |       |     7 |       |       |       |       |     4 ||    11
       Phantom mirror    |       |       |       |       |       |       |       |       |    11 ||    11
       Horn of Geryon    |       |       |       |       |       |       |       |       |     9 ||     9
  Use: Scroll            |       |     1 |     4 |    14 |     9 |    15 |     8 |    10 |    81 ||   142
       Potion            |       |       |       |       |     1 |     2 |     4 |       |    42 ||    49
 Stab: Sleeping          |     2 |     6 |     6 |     3 |     6 |     6 |       |     3 |    42 ||    74
       Confused          |       |       |     1 |     1 |     9 |     8 |     1 |     3 |     1 ||    24
       Distracted        |       |       |       |       |     1 |     1 |       |       |    63 ||    65
       Petrifying        |       |       |       |       |       |       |       |       |     2 ||     2
       Invisible         |       |       |       |       |       |       |       |       |     1 ||     1
Armor: Robe              |    35 |    53 |    15 |    61 |    98 |    79 |    45 |    49 |   737 ||  1172
       Skin              |       |       |       |       |       |       |       |       |     1 ||     1
Dodge: Dodged            |    55 |    88 |   100 |   240 |   350 |   211 |   135 |   257 |  5113 ||  6549
Block: Buckler           |       |       |    21 |    27 |       |       |       |       |       ||    48
       Kite shield       |       |       |       |   134 |   427 |   472 |   389 |   585 |  7406 ||  9413
       Reflection        |       |       |       |       |     3 |    29 |    67 |    54 |   158 ||   311
